 Dungeon Crawl Stone Soup version 0.29.0-4-gdea44cf6ec (webtiles) character file.

Game seed: 10033745078173480354

250891 qw the Slayer (level 19, -3/195 HPs)
             Began as a Minotaur Berserker on Sept 9, 2022.
             Was an Elder of Trog.
             Slain by a +1 dire flail of protection (18 damage)
             ... animated by Zenata
             ... on level 3 of the Vaults.
             The game lasted 00:17:25 (44277 turns).

qw the Slayer (Minotaur Berserker)                 Turns: 44277, Time: 00:17:26

Health: -3/195     AC: 41    Str: 25    XL:     19   Next: 31%
Magic:  18/18      EV: 16    Int:  7    God:    Trog [****..]
Gold:   1049       SH: 13    Dex: 12    Spells: 18/18 levels left

rFire   + + .      SeeInvis +   s - +1 broad axe (vamp)
rCold   . . .      Faith    .   D - +1 buckler of the Hanged Man {rPois rF++ rN+ Str-3}
rNeg    + . .      Spirit   .   b - +7 plate armour "Canur" {Fly Int+3}
rPois   +          Reflect  +   q - +2 hood of the Assassin {Detection Stab+ Stlth++}
rElec   .          Harm     .   e - +2 cloak
rCorr   .          Rampage  .   v - +2 pair of gloves
Will    +....                   m - +2 pair of boots
Stlth   ..........              F - amulet of reflection
HPRegen 0.42/turn               r - ring of see invisible
MPRegen 0.16/turn               t - +4 ring of evasion

@: about to teleport, on berserk cooldown, flying, slowed, very slow
A: horns 2, retaliatory headbutt
}: 1/15 runes: barnacled
a: Renounce Religion, Berserk, Trog's Hand, Brothers in Arms


You were on level 3 of the Vaults.
You worshipped Trog.
Trog was greatly pleased with you.
You visited 6 branches of the dungeon, and saw 32 of its levels.
You visited 1 bazaar.
You also visited: Sewer.

You collected 3721 gold pieces.
You spent 2672 gold pieces at shops.


Innate Abilities, Weirdness & Mutations

You have a pair of horns on your head.
You reflexively headbutt those who attack you in melee.


   Skills:
 - Level 23.0 Fighting
 - Level 18.0 Axes
 - Level 12.0 Throwing
 - Level 22.0 Armour
 + Level 10.7 Dodging
 - Level 13.8 Shields


You had 18 spell levels left.
You didn't know any spells.
Your spell library was empty.

Inventory:

Hand Weapons
 s - a +1 vampiric broad axe (weapon)
 w - the +11 broad axe of Cowardice {vorpal, rF++ Str-4}
   (You found it on level 5 of the Lair of Beasts)

   It inflicts extra damage upon your enemies.
   Str:       It affects your strength (-4).
   rF:        It greatly protects you from fire.
Missiles
 l - 8 boomerangs (quivered)
Armour
 b - the +7 plate armour "Canur" (worn) {Fly Int+3}
   (You found it on level 2 of the Vaults)

   Int:       It affects your intelligence (+3).
   Fly:       It grants you flight.
 c - a scarf of repulsion
 e - a +2 cloak (worn)
 m - a +2 pair of boots (worn)
 q - the +2 hood of the Assassin (worn) {Detection Stab+ Stlth++}
   (You acquired it on level 11 of the Dungeon)

   It allows the wearer to sense nearby creatures.
   It allows the wearer to make particularly effective stabbing attacks against
   helpless or unaware enemies with any weapon.
   Stlth:     It makes you much more stealthy.
 v - a +2 pair of gloves (worn)
 x - a +2 buckler
 z - a +4 plate armour of poison resistance
 D - the +1 buckler of the Hanged Man (worn) {rPois rF++ rN+ Str-3}
   (You found it on level 4 of the Shoals)

   Str:       It affects your strength (-3).
   rF:        It greatly protects you from fire.
   rPois:     It protects you from poison.
   rN:        It protects you from negative energy.
 E - the +2 cloak of the Thief {*Fog Slay-2 SInv Stlth+}
   (You bought it in a shop on level 14 of the Dungeon)

   It may release a thick cloud of smoke when the wearer is hurt.
   Slay:      It affects your accuracy & damage with ranged weapons and melee
   (-2).
   SInv:      It lets you see invisible.
   Stlth:     It makes you more stealthy.
Jewellery
 n - a ring of fire
 o - a ring of protection from fire
 p - a ring of poison resistance
 r - a ring of see invisible (left hand)
 t - a +4 ring of evasion (right hand)
 B - a ring of protection from cold
 F - an amulet of reflection (around neck)
 G - a +6 ring of dexterity
Scrolls
 g - 16 scrolls of teleportation
 h - 17 scrolls of identify
 C - 2 scrolls of brand weapon
Potions
 a - 8 potions of mutation
 d - 3 potions of cancellation
 f - 10 potions of might
 i - 5 potions of heal wounds
 j - 7 potions of haste
 k - 10 potions of curing

Dungeon Overview and Level Annotations

Branches:
Dungeon (15/15)            Temple (0/1) D:6            Lair (5/5) D:10
 Shoals (4/4) Lair:3       Spider (3/4) Lair:2        Slime (0/5) Lair:5
    Orc (2/2) D:9             Elf (0/3) Orc:2        Vaults (3/5) D:14
  Crypt (0/3) Vaults:2     Depths (0/4) D:15          Sewer (visited)

Altars:
Ashenzari
Cheibriados
Elyvilon
Fedhas
Hepliaklqana
Kikubaaqudgha
Nemelex Xobeh
Qazlal
Sif Muna
Trog
Uskayaw
Wu Jian
Yredelemnul
Zin
The Shining One
Jiyva
Lugonu

Shops:
D:14 [   Orc:1 [   Orc:2 *?([   Shoals:1 :   Vaults:1 (!(:

Portals:
Abyss: Shoals:2

Annotations:
D:3 1 runed translucent door, qw's ghost, amateur BaCK
D:5 2 runed translucent doors, qw's ghost, novice BaCK
D:7 2 transporters, qw's ghost, novice DsCA
D:11 3 runed translucent doors
D:13 1 runed translucent door
Shoals:2 1 runed translucent door
Shoals:3 2 transporters, qw's ghost, adept GrBe
Vaults:3 1 transporter, Zenata


Message History

You headbutt the +6 glaive, but do no damage.
The +1 mace of pain hits you. Zenata closely misses you.
The +1 dire flail of protection hits you.
The +6 glaive misses you. You furiously retaliate!
You headbutt the +6 glaive, but do no damage.
The +1 mace of pain hits you but does no damage.
You hit the +1 mace of pain.
Your headbutt misses the +1 mace of pain.
The +1 mace of pain is almost destroyed.
You slice the +1 dire flail of protection!!
You slash the +6 glaive!
You destroy the +6 glaive!
The +6 glaive disappears in a puff of smoke!
You slash Zenata!
You feel better.
The +1 dire flail of protection hits you.
You block the +1 mace of pain's attack.
You block the +1 dire flail of protection's attack.
The +1 mace of pain hits you but does no damage.
You block Zenata's attack.
You closely miss the +1 mace of pain.
Your headbutt misses the +1 mace of pain.
The +1 mace of pain is almost destroyed.
You closely miss the +1 dire flail of protection.
You barely miss Zenata.
Your skin stops crawling.
You feel less strong-willed.
The +1 dire flail of protection hits you!
The +1 mace of pain hits you but does no damage.
You block the +1 dire flail of protection's attack.
You block the +1 mace of pain's attack. Zenata casts a spell at you.
A blast of power from the earth and the adjacent constructs strikes you!
The +1 dire flail of protection hits you but does no damage.
The +1 mace of pain hits you!
44277 ||| READING 17 scrolls of teleportation.
As you read the scroll of teleportation, it crumbles to dust.
You feel strangely unstable.
You block the +1 dire flail of protection's attack.
The +1 mace of pain hits you!
The +1 dire flail of protection hits you!!
You die...

###########........ #...
#....#....#........ #...
#....#....#........
#....#....##...#....####
#...##....)#..+....#...
#....#.....####....#...
#....##.......#....#...
#...a#'....(.'....#...
#...(@##.....#....#...
##..(ยค)###...#....+...
##......#####....####
##....... #........
##........#........
###......#.....)..
###...+........
############


You could see Zenata and 2 dancing weapons.

Vanquished Creatures
  Frederick (Vaults:3)
  Arachne (Spider:3)
  Rupert (Lair:4)
  A sphinx (Vaults:3)
  Frances (Spider:1)
  2 krakens
  2 tengu reavers (Vaults:1)
  Gastronok (Lair:3)
  A fire giant (D:15)
  Aizul (Vaults:1)
  An emperor scorpion (Spider:1)
  2 ghost moths
  3 vault wardens
  An orc warlord (Orc:1)
  11 ironbound preservers
  A war gargoyle (Vaults:3)
  4 ironbound thunderhulks
  Nessos (Lair:4)
  9 dire elephants
  3 entropy weavers
  2 crystal guardians (Vaults:3)
  A spark wasp (Spider:2)
  A merfolk javelineer (Shoals:4)
  3 yaktaur captains
  Snorg (Lair:3)
  A deep elf death mage (Vaults:3)
  10 merfolk impalers
  Josephine (Lair:3)
  3 great orbs of eyes
  2 peacekeepers (Vaults:3)
  4 hydras
  2 merfolk avatars
  5 ogre magi
  5 ironbound frosthearts
  4 boulder beetles
  A catoblepas (D:14)
  2 merfolk aquamancers
  18 two-headed ogres
  9 centaur warriors
  2 jorogumos (Spider:3)
  2 radroaches
  2 dancing weapons (D:14)
  4 satyrs (Shoals:4)
  12 death yaks
  3 skeletal warriors (D:15)
  5 pharaoh ants
  5 sea snakes
  41 deep trolls
  2 sun moths (Spider:1)
  7 steelbarb worms
  An orb spider (Spider:3)
  14 harpies
  An obsidian statue (Vaults:2)
  2 wizards
  A necromancer (Vaults:2)
  14 ironbound convokers
  6 lindwurms
  A phantasmal warrior (Vaults:1)
  2 orc knights
  14 wolf spiders
  A deep elf pyromancer (D:15)
  25 ugly things
  2 orc sorcerers (Orc:1)
  21 fauns
  7 cyclopes
  15 manticores
  4 moths of wrath
  3 water nymphs
  A frost giant skeleton (Vaults:2)
  2 apocalypse crabs (Shoals:2)
  10 cane toads
  3 black mambas
  9 vault sentinels
  9 merfolk sirens
  12 elephants
  2 torpor snails (Spider:1)
  A gargoyle (D:12)
  An unseen horror (shapeshifter) (D:14)
  3 unseen horrors
  2 rime drakes
  6 demonic crawlers
  A freezing wraith (D:14)
  10 komodo dragons
  An efreet (D:15)
  21 yaktaurs
  2 tengu conjurers (D:13)
  A burning bush (Lair:3)
  A merfolk (shapeshifter) (Vaults:1)
  21 merfolk
  A hornet (shapeshifter) (Spider:2)
  A meliai (Spider:2)
  4 polar bears (Lair:5)
  A wind drake (Shoals:2)
  21 tarantellas
  11 trolls
  6 hornets
  11 snapping turtles
  8 dream sheep
  Prince Ribbit (D:6)
  26 slime creatures
  11 jumping spiders
  Sigmund (D:6)
  7 water elementals
  13 culicivoras
  7 wraiths
  A shadow (D:11)
  A culicivora (shapeshifter) (D:13)
  14 spriggans (Lair:5)
  33 yaks
  5 wyverns
  A golden eye (shapeshifter) (Vaults:1)
  A basilisk (D:14)
  10 vampire mosquitoes
  2 steam dragons
  45 redbacks
  2 wargs (Orc:2)
  An ogre zombie (Vaults:2)
  6 water moccasins
  3 acid dragons
  3 black bears (Lair:5)
  A human skeleton (Vaults:2)
  A sky beast (D:7)
  2 ice beasts
  11 orc warriors
  An ettin simulacrum (Vaults:2)
  14 centaurs
  4 boggarts (Lair:5)
  19 wolves
  20 ogres
  4 phantoms
  4 kobold brigands
  14 bullfrogs
  3 scorpions
  A gnoll sergeant (D:8)
  2 necrophages
  A glowing shapeshifter simulacrum (Vaults:2)
  6 wights
  26 killer bees
  5 howler monkeys
  13 electric eels
  2 hounds
  13 orc priests
  A gnoll bouda (D:8)
  10 iguanas
  33 orc wizards
  9 gnolls (D:8)
  9 adders
  8 river rats (Sewer)
  An ufetubus (D:4)
  4 worms
  A dart slug (D:3)
  82 orcs
  A bat (D:2)
  13 endoplasms
  6 giant cockroaches
  6 goblins
  4 hobgoblins
  4 jackals (D:1)
  2 quokkas
  16 ball pythons
  6 frilled lizards
  23 kobolds
  27 rats
  7 tentacles
1159 creatures vanquished.

Vanquished Creatures (collateral kills)
  A vault warden (Vaults:1)
  An ironbound preserver (Vaults:1)
  A stone giant (Vaults:1)
  A deep elf demonologist (Vaults:1)
  3 entropy weavers
  2 hydras
  An ironbound frostheart (Vaults:1)
  A jorogumo (Spider:2)
  A merfolk avatar (Shoals:3)
  A skeletal warrior (D:15)
  A steelbarb worm (Spider:1)
  A sea snake (Shoals:3)
  A deep troll (Vaults:1)
  An orb spider (Spider:2)
  An orc knight (Orc:1)
  An orc sorcerer (Orc:1)
  A moth of wrath (Spider:2)
  A water nymph (Shoals:1)
  2 meliai (Spider:2)
  A tarantella (Spider:2)
  A snapping turtle (Shoals:3)
  A jumping spider (Spider:2)
  A culicivora (Spider:1)
  3 redbacks (Spider:2)
  A vampire mosquito (D:14)
  6 orc warriors
  An ogre (Orc:1)
  An iguana (Lair:2)
  2 orc wizards (Orc:1)
  7 orcs (Orc:1)
48 creatures vanquished.

Vanquished Creatures (others)
  A dream sheep (Shoals:2)
  29 fungi
  88 plants
  5 tentacles (Shoals:3)
123 creatures vanquished.

Grand Total: 1330 creatures vanquished

Notes
Turn   | Place    | Note
-------+----------+-------------------------------------------
     0 | D:1      | qw the Minotaur Berserker began the quest for the Orb.
     0 | D:1      | Reached XP level 1. HP: 19/19 MP: 0/0
     0 | D:1      | 0 ||| qw: Version: 0.1-a-113-g051387a
     0 | D:1      | 0 ||| qw: Game counter: 7066
     0 | D:1      | 0 ||| qw: Always use a shield: true
     0 | D:1      | 0 ||| qw: Do Orc after D:15 true
     0 | D:1      | 0 ||| qw: Do second Lair branch before Depths: true
     0 | D:1      | 0 ||| qw: Lair rune preference: random
     0 | D:1      | 0 ||| qw: Plans: Normal
     0 | D:1      | 0 ||| PLANNING D:1-11
   237 | D:1      | 237 ||| Stepping ~*~*~tactically~*~*~ (stealth).
   254 | D:1      | Reached XP level 2. HP: 21/26 MP: 1/1
   318 | D:1      | Found a faded altar of an unknown god.
   841 | D:1      | 841 ||| DROPPING +0 club.
   859 | D:1      | 859 ||| UPGRADING to +0 leather armour.
   869 | D:1      | 869 ||| DROPPING +0 animal skin.
   870 | D:1      | 870 ||| UPGRADING to +0 ring mail.
   880 | D:1      | 880 ||| DROPPING +0 leather armour.
   881 | D:1      | 881 ||| READING scroll labelled FUDUFA TIAKE.
   882 | D:1      | 882 ||| READING scroll labelled DOFA ZOICLODOL.
   883 | D:1      | 883 ||| READING scroll labelled QAGOKHLI ATHRYMUCK.
   884 | D:1      | 884 ||| DRINKING 2 emerald potions.
   885 | D:1      | 885 ||| DROPPING potion of attraction.
   886 | D:1      | 886 ||| Stepping randomly (stuck).
   887 | D:1      | 887 ||| Stepping ~*~*~tactically~*~*~ (cloud).
   895 | D:1      | HP: 6/26 [poisoned by you (poison gas)]
  1207 | D:2      | 1207 ||| INVOKING Berserk.
  1208 | D:2      | 1208 ||| INVOKING Berserk.
  1381 | D:2      | Reached XP level 3. HP: 31/31 MP: 2/2
  1464 | D:2      | 1464 ||| INVOKING Berserk.
  1894 | D:2      | 1894 ||| UPGRADING to +0 chain mail.
  1904 | D:2      | 1904 ||| DROPPING +0 ring mail.
  1905 | D:2      | 1905 ||| READING scroll labelled PANYETOQEOR.
  1906 | D:2      | 1906 ||| READING scroll labelled DULANONYOC.
  1935 | D:3      | 1935 ||| PLANNING SEWER
  1954 | D:3      | Found a sparkling altar of Nemelex Xobeh.
  2007 | D:3      | 2007 ||| Stepping ~*~*~tactically~*~*~ (stealth).
  2017 | D:3      | 2017 ||| Stepping ~*~*~tactically~*~*~ (stealth).
  2018 | D:3      | Reached ** piety under Trog
  2025 | D:3      | 2025 ||| Stepping ~*~*~tactically~*~*~ (stealth).
  2028 | D:3      | 2028 ||| Stepping ~*~*~tactically~*~*~ (stealth).
  2036 | D:3      | 2036 ||| DROPPING +0 whip.
  2098 | D:3      | Found a glowing drain.
  2260 | D:3      | Identified the +1 helmet "Qew Beibb" {rCorr Str-3 Int+3}
  2332 | D:3      | Reached XP level 4. HP: 39/39 MP: 3/3
  2336 | D:3      | 2336 ||| READING scroll labelled PUOQINT TANGA.
  2337 | D:3      | 2337 ||| READING scroll labelled DAILOU VURA.
  2338 | D:3      | 2338 ||| READING 3 scrolls of identify.
  2338 | D:3      | 2338 ||| IDENTIFYING fuming puce potion
  2339 | D:3      | 2339 ||| READING 2 scrolls of identify.
  2339 | D:3      | 2339 ||| IDENTIFYING metallic ruby potion
  2343 | Sewer    | Entered a sewer
  2368 | Sewer    | Reached skill level 1 in Throwing
  2371 | Sewer    | 2371 ||| INVOKING Berserk.
  2389 | Sewer    | Reached skill level 6 in Axes
  2390 | Sewer    | 2390 ||| Stepping ~*~*~tactically~*~*~ (water).
  2591 | Sewer    | 2591 ||| Stepping ~*~*~tactically~*~*~ (stealth).
  2641 | Sewer    | 2641 ||| Stepping ~*~*~tactically~*~*~ (water).
  2741 | Sewer    | 2741 ||| Stepping ~*~*~tactically~*~*~ (stealth).
  2743 | Sewer    | 2743 ||| Stepping ~*~*~tactically~*~*~ (stealth).
  2749 | Sewer    | Reached *** piety under Trog
  2750 | Sewer    | Reached XP level 5. HP: 45/45 MP: 4/4
  2771 | Sewer    | 2771 ||| Stepping ~*~*~tactically~*~*~ (stealth).
  2845 | Sewer    | 2845 ||| Stepping ~*~*~tactically~*~*~ (water).
  2856 | Sewer    | 2856 ||| Stepping ~*~*~tactically~*~*~ (stealth).
  2861 | Sewer    | 2861 ||| Stepping ~*~*~tactically~*~*~ (stealth).
  2923 | Sewer    | Reached skill level 4 in Fighting
  2925 | Sewer    | 2925 ||| INVOKING Berserk.
  2933 | Sewer    | Reached XP level 6. HP: 21/52 MP: 5/5
  2934 | Sewer    | HP: 17/78 [bullfrog (4)]
  3183 | Sewer    | 3183 ||| READING scroll labelled IDEEPP LOSE.
  3184 | Sewer    | 3184 ||| READING scroll labelled KUCEFY POMUGIU.
  3185 | Sewer    | 3185 ||| READING 2 scrolls of identify.
  3185 | Sewer    | 3185 ||| IDENTIFYING purple potion
  3189 | D:3      | 3189 ||| PLANNING D:1-11
  3285 | D:3      | Found a broken altar of Ashenzari.
  3393 | D:3      | Found a runed translucent door.
  3395 | D:3      | Noticed qw's ghost (amateur BaCK)
  3411 | D:3      | 3411 ||| Stepping ~*~*~tactically~*~*~ (hiding).
  3888 | D:3      | 3888 ||| READING scroll labelled GAOF FEZXAATS.
  3889 | D:3      | 3889 ||| DRINKING 2 sapphire potions.
  3890 | D:3      | 3890 ||| DROPPING potion of brilliance.
  3922 | D:4      | 3922 ||| STAIRDANCE
  3990 | D:4      | Reached skill level 9 in Axes
  4121 | D:4      | Reached skill level 5 in Fighting
  4121 | D:4      | Reached XP level 7. HP: 56/61 MP: 6/6
  4295 | D:4      | Reached **** piety under Trog
  4296 | D:4      | Reached skill level 3 in Armour
  4512 | D:4      | 4512 ||| INVOKING Berserk.
  4802 | D:4      | 4802 ||| UPGRADING to +0 pair of gloves.
  4807 | D:4      | 4807 ||| DRINKING 2 viscous black potions.
  4808 | D:4      | 4808 ||| READING 3 scrolls of identify.
  4808 | D:4      | 4808 ||| IDENTIFYING inky potion
  4809 | D:4      | 4809 ||| DROPPING potion of lignification.
  4814 | D:5      | Entered Level 5 of the Dungeon
  5036 | D:5      | Reached skill level 6 in Fighting
  5110 | D:5      | Reached XP level 8. HP: 59/70 MP: 7/7
  5237 | D:5      | Found a blossoming altar of Fedhas.
  5447 | D:5      | Identified the +0 pair of gloves of Dodec {rElec}
  5478 | D:5      | Identified the +7 flail of Suagryef {vamp, rElec rF- MP+9
                  | Int+6}
  5480 | D:5      | 5480 ||| DROPPING +0 flail.
  5501 | D:5      | Found a glowing golden altar of the Shining One.
  5572 | D:5      | Found a runed translucent door.
  5573 | D:5      | Noticed qw's ghost (novice BaCK)
  5579 | D:5      | 5579 ||| Stepping ~*~*~tactically~*~*~ (hiding).
  5699 | D:5      | Found a runed translucent door.
  5815 | D:5      | 5815 ||| UPGRADING to +0 pair of gloves of Dodec {rElec}.
  5825 | D:5      | 5825 ||| DROPPING +0 pair of gloves.
  5826 | D:5      | 5826 ||| UPGRADING to ring of protection from cold.
  5827 | D:5      | 5827 ||| READING 3 scrolls labelled IPUSASH ADEU.
  5828 | D:5      | 5828 ||| READING 2 scrolls of brand weapon.
  5828 | D:5      | 5828 ||| BRANDING +1 hand axe of venom.
  5829 | D:5      | 5829 ||| DROPPING +7 flail of Suagryef {vamp, rElec rF-
                  | MP+9 Int+6}.
  5830 | D:5      | 5830 ||| READING scroll of brand weapon.
  5830 | D:5      | 5830 ||| BRANDING +1 hand axe of flaming.
  6066 | D:6      | Noticed Prince Ribbit
  6068 | D:6      | 6068 ||| INVOKING Berserk.
  6070 | D:6      | Killed Prince Ribbit
  6498 | D:6      | 6498 ||| Stepping ~*~*~tactically~*~*~ (stealth).
  6502 | D:6      | 6502 ||| INVOKING Berserk.
  6653 | D:6      | Found a staircase to the Ecumenical Temple.
  6745 | D:6      | Noticed Sigmund
  6747 | D:6      | 6747 ||| INVOKING Berserk.
  6749 | D:6      | Killed Sigmund
  6750 | D:6      | Reached skill level 12 in Axes
  7009 | D:6      | Reached skill level 7 in Fighting
  7125 | D:6      | 7125 ||| UPGRADING to +0 plate armour.
  7135 | D:6      | 7135 ||| DROPPING +0 chain mail.
  7136 | D:6      | 7136 ||| DROPPING ring of fire.
  7137 | D:6      | 7137 ||| UPGRADING to ring of protection from fire.
  7138 | D:6      | 7138 ||| READING scroll labelled TUNUACSOARCH.
  7139 | D:6      | 7139 ||| READING 4 scrolls of identify.
  7139 | D:6      | 7139 ||| IDENTIFYING bubbling silvery potion
  7140 | D:6      | 7140 ||| READING 3 scrolls of identify.
  7140 | D:6      | 7140 ||| IDENTIFYING grey potion
  7141 | D:6      | 7141 ||| READING 2 scrolls of identify.
  7141 | D:6      | 7141 ||| IDENTIFYING smoky orange potion
  7142 | D:6      | 7142 ||| DROPPING potion of ambrosia.
  7143 | D:6      | 7143 ||| DROPPING potion of flight.
  7144 | D:6      | 7144 ||| DROPPING potion of invisibility.
  7227 | D:7      | 7227 ||| Stepping ~*~*~tactically~*~*~ (hiding).
  7232 | D:7      | Reached XP level 9. HP: 79/79 MP: 8/8
  7232 | D:7      | Found a snail-covered altar of Cheibriados.
  7241 | D:7      | Reached skill level 6 in Armour
  7256 | D:7      | 7256 ||| Stepping ~*~*~tactically~*~*~ (hiding).
  7257 | D:7      | 7257 ||| FLEEEEING.
  7259 | D:7      | 7259 ||| INVOKING Berserk.
  7335 | D:7      | 7335 ||| INVOKING Berserk.
  7462 | D:7      | Found a glowing silver altar of Zin.
  7580 | D:7      | 7580 ||| READING scroll of enchant armour.
  7580 | D:7      | 7580 ||| ENCHANTING +0 plate armour.
  7717 | D:7      | Found a transporter.
  7776 | D:7      | Found a transporter.
  7820 | D:7      | Found an ornate altar of the Wu Jian Council.
  7869 | D:7      | Noticed qw's ghost (novice DsCA)
  7870 | D:7      | Noticed a moth of wrath
  8102 | D:8      | 8102 ||| STAIRDANCE
  8148 | D:8      | 8148 ||| STAIRDANCE
  8226 | D:8      | 8226 ||| Stepping ~*~*~tactically~*~*~ (stealth).
  8294 | D:8      | Found a white marble altar of Elyvilon.
  8299 | D:8      | 8299 ||| Stepping ~*~*~tactically~*~*~ (stealth).
  8300 | D:8      | 8300 ||| Stepping ~*~*~tactically~*~*~ (stealth).
  8321 | D:8      | 8321 ||| Stepping ~*~*~tactically~*~*~ (stealth).
  8322 | D:8      | 8322 ||| Stepping ~*~*~tactically~*~*~ (stealth).
  8324 | D:8      | 8324 ||| Stepping ~*~*~tactically~*~*~ (hiding).
  8333 | D:8      | 8333 ||| Stepping ~*~*~tactically~*~*~ (hiding).
  8334 | D:8      | 8334 ||| Stepping ~*~*~tactically~*~*~ (stealth).
  8339 | D:8      | Reached skill level 8 in Fighting
  8339 | D:8      | 8339 ||| INVOKING Berserk.
  8365 | D:8      | 8365 ||| Stepping ~*~*~tactically~*~*~ (stealth).
  8369 | D:8      | Noticed a two-headed ogre
  8371 | D:8      | 8371 ||| FLEEEEING.
  8372 | D:8      | 8372 ||| FLEEEEING.
  8373 | D:8      | 8373 ||| FLEEEEING.
  8379 | D:8      | Killed a two-headed ogre
  8529 | D:8      | 8529 ||| READING scroll of enchant armour.
  8529 | D:8      | 8529 ||| ENCHANTING +1 plate armour.
  8622 | D:8      | 8622 ||| Stepping ~*~*~tactically~*~*~ (hiding).
  8623 | D:8      | 8623 ||| Stepping ~*~*~tactically~*~*~ (hiding).
  8624 | D:8      | 8624 ||| Stepping ~*~*~tactically~*~*~ (stealth).
  8820 | D:8      | Found a stormy altar of Qazlal.
  8908 | D:8      | Found a hide-covered altar of Uskayaw.
  8918 | D:8      | 8918 ||| FLEEEEING.
  8919 | D:8      | 8919 ||| FLEEEEING.
  8920 | D:8      | 8920 ||| FLEEEEING.
  8921 | D:8      | 8921 ||| FLEEEEING.
  8922 | D:8      | 8922 ||| FLEEEEING.
  8923 | D:8      | 8923 ||| FLEEEEING.
  8924 | D:8      | 8924 ||| FLEEEEING.
  8925 | D:8      | 8925 ||| FLEEEEING.
  8926 | D:8      | 8926 ||| FLEEEEING.
  8927 | D:8      | 8927 ||| FLEEEEING.
  8928 | D:8      | 8928 ||| FLEEEEING.
  8929 | D:8      | 8929 ||| FLEEEEING.
  8930 | D:8      | 8930 ||| FLEEEEING.
  9020 | D:9      | 9020 ||| INVOKING Berserk.
  9023 | D:9      | Reached XP level 10. HP: 88/88 MP: 9/9
  9205 | D:9      | Paralysed by a hornet for 1 turns
  9210 | D:9      | Reached skill level 9 in Fighting
  9360 | D:9      | Found a staircase to the Orcish Mines.
  9533 | D:9      | 9533 ||| Stepping ~*~*~tactically~*~*~ (hiding).
  9569 | D:9      | 9569 ||| Stepping ~*~*~tactically~*~*~ (hiding).
  9576 | D:9      | Reached skill level 3 in Dodging
  9777 | D:9      | 9777 ||| Stepping ~*~*~tactically~*~*~ (hiding).
  9861 | D:9      | 9861 ||| INVOKING Berserk.
  9876 | D:9      | 9876 ||| Stepping ~*~*~tactically~*~*~ (stealth).
  9988 | D:9      | 9988 ||| Stepping ~*~*~tactically~*~*~ (stealth).
 10233 | D:9      | 10233 ||| READING scroll labelled JAYZONG UNIC.
 10406 | D:9      | 10406 ||| READING 5 scrolls of identify.
 10406 | D:9      | 10406 ||| IDENTIFYING clear potion
 10422 | D:10     | Entered Level 10 of the Dungeon
 10424 | D:10     | 10424 ||| Stepping ~*~*~tactically~*~*~ (stealth).
 10433 | D:10     | Reached ***** piety under Trog
 10527 | D:10     | 10527 ||| SWAPPING to +0 war axe of electrocution.
 10528 | D:10     | 10528 ||| DROPPING +1 spectral hand axe.
 10585 | D:10     | 10585 ||| INVOKING Berserk.
 10910 | D:10     | Noticed a two-headed ogre
 10914 | D:10     | 10914 ||| INVOKING Berserk.
 10919 | D:10     | Killed a two-headed ogre
 10920 | D:10     | Reached skill level 15 in Axes
 10985 | D:10     | 10985 ||| FLEEEEING.
 10986 | D:10     | 10986 ||| FLEEEEING.
 10987 | D:10     | 10987 ||| FLEEEEING.
 10988 | D:10     | 10988 ||| FLEEEEING.
 10989 | D:10     | 10989 ||| FLEEEEING.
 10990 | D:10     | 10990 ||| FLEEEEING.
 10991 | D:10     | 10991 ||| FLEEEEING.
 10992 | D:10     | 10992 ||| FLEEEEING.
 10993 | D:10     | 10993 ||| FLEEEEING.
 10994 | D:10     | 10994 ||| FLEEEEING.
 10995 | D:10     | 10995 ||| FLEEEEING.
 10996 | D:10     | 10996 ||| FLEEEEING.
 10997 | D:10     | 10997 ||| FLEEEEING.
 10998 | D:10     | 10998 ||| FLEEEEING.
 10999 | D:10     | 10999 ||| FLEEEEING.
 11000 | D:10     | 11000 ||| FLEEEEING.
 11001 | D:10     | 11001 ||| FLEEEEING.
 11002 | D:10     | 11002 ||| FLEEEEING.
 11003 | D:10     | 11003 ||| FLEEEEING.
 11004 | D:10     | 11004 ||| FLEEEEING.
 11005 | D:10     | 11005 ||| FLEEEEING.
 11006 | D:10     | 11006 ||| FLEEEEING.
 11007 | D:10     | 11007 ||| FLEEEEING.
 11008 | D:10     | 11008 ||| FLEEEEING.
 11009 | D:10     | 11009 ||| FLEEEEING.
 11010 | D:10     | 11010 ||| FLEEEEING.
 11011 | D:10     | 11011 ||| FLEEEEING.
 11012 | D:10     | 11012 ||| FLEEEEING.
 11013 | D:10     | 11013 ||| FLEEEEING.
 11014 | D:10     | 11014 ||| STAIRDANCE
 11135 | D:10     | Noticed a two-headed ogre
 11137 | D:10     | 11137 ||| INVOKING Berserk.
 11140 | D:10     | Killed a two-headed ogre
 11204 | D:10     | Found a staircase to the Lair.
 11453 | D:10     | 11453 ||| PLANNING LAIR
 11494 | Lair:1   | Entered Level 1 of the Lair of Beasts
 11511 | Lair:1   | 11511 ||| READING scroll of enchant armour.
 11511 | Lair:1   | 11511 ||| ENCHANTING +2 plate armour.
 11530 | Lair:1   | Noticed a cane toad
 11530 | Lair:1   | Noticed a cane toad
 11531 | Lair:1   | 11531 ||| Stepping ~*~*~tactically~*~*~ (stealth).
 11533 | Lair:1   | 11533 ||| Stepping ~*~*~tactically~*~*~ (stealth).
 11534 | Lair:1   | Noticed a cane toad
 11535 | Lair:1   | 11535 ||| Stepping ~*~*~tactically~*~*~ (stealth).
 11536 | Lair:1   | 11536 ||| INVOKING Berserk.
 11540 | Lair:1   | Killed a cane toad
 11541 | Lair:1   | Reached skill level 10 in Fighting
 11541 | Lair:1   | Reached XP level 11. HP: 99/99 MP: 10/10
 11550 | Lair:1   | Noticed an eight-headed hydra
 11551 | Lair:1   | 11551 ||| INVOKING Brothers in Arms.
 11552 | Lair:1   | 11552 ||| INVOKING Brothers in Arms.
 11553 | Lair:1   | 11553 ||| SWAPPING to +0 flail.
 11556 | Lair:1   | HP: 22/99 [eight-headed hydra (3)]
 11556 | Lair:1   | Killed an eight-headed hydra
 11557 | Lair:1   | Reached skill level 9 in Armour
 11557 | Lair:1   | 11557 ||| READING 4 scrolls of teleportation.
 11558 | Lair:1   | 11558 ||| DRINKING 4 potions of heal wounds.
 11559 | Lair:1   | 11559 ||| SWAPPING to +0 war axe of electrocution.
 11713 | Lair:1   | 11713 ||| INVOKING Berserk.
 11726 | Lair:1   | Reached skill level 11 in Fighting
 11803 | Lair:1   | 11803 ||| Stepping ~*~*~tactically~*~*~ (stealth).
 11804 | Lair:1   | 11804 ||| Stepping ~*~*~tactically~*~*~ (stealth).
 11809 | Lair:1   | 11809 ||| INVOKING Berserk.
 11897 | Lair:1   | 11897 ||| DROPPING +0 mace of protection.
 11914 | Lair:1   | 11914 ||| Stepping ~*~*~tactically~*~*~ (stealth).
 11919 | Lair:1   | 11919 ||| INVOKING Berserk.
 11998 | Lair:1   | Noticed a seven-headed hydra
 11999 | Lair:1   | 11999 ||| INVOKING Brothers in Arms.
 12000 | Lair:1   | 12000 ||| SWAPPING to +0 flail.
 12001 | Lair:1   | 12001 ||| INVOKING Berserk.
 12002 | Lair:1   | Killed a seven-headed hydra
 12025 | Lair:1   | 12025 ||| SWAPPING to +0 war axe of electrocution.
 12152 | Lair:1   | 12152 ||| Stepping ~*~*~tactically~*~*~ (stealth).
 12169 | Lair:1   | 12169 ||| Stepping ~*~*~tactically~*~*~ (stealth).
 12366 | Lair:1   | Reached skill level 12 in Fighting
 12375 | Lair:1   | 12375 ||| INVOKING Berserk.
 12681 | Lair:1   | 12681 ||| INVOKING Berserk.
 12685 | Lair:1   | Reached skill level 13 in Fighting
 12803 | Lair:1   | 12803 ||| DROPPING +0 flail.
 13025 | Lair:1   | 13025 ||| INVOKING Berserk.
 13125 | Lair:1   | 13125 ||| UPGRADING to +1 cloak.
 13130 | Lair:1   | 13130 ||| UPGRADING to amulet of the acrobat.
 13135 | Lair:1   | 13135 ||| UPGRADING to ring of see invisible.
 13192 | Lair:2   | 13192 ||| STAIRDANCE
 13200 | Lair:2   | 13200 ||| STAIRDANCE
 13205 | Lair:1   | Reached XP level 12. HP: 115/115 MP: 11/11
 13208 | Lair:2   | 13208 ||| STAIRDANCE
 13302 | Lair:2   | 13302 ||| STAIRDANCE
 13304 | Lair:1   | 13304 ||| INVOKING Berserk.
 13510 | Lair:2   | 13510 ||| Stepping ~*~*~tactically~*~*~ (stealth).
 13513 | Lair:2   | 13513 ||| Stepping ~*~*~tactically~*~*~ (stealth).
 13514 | Lair:2   | 13514 ||| INVOKING Berserk.
 13524 | Lair:2   | 13524 ||| Stepping ~*~*~tactically~*~*~ (stealth).
 13592 | Lair:2   | 13592 ||| Stepping ~*~*~tactically~*~*~ (stealth).
 13593 | Lair:2   | 13593 ||| Stepping ~*~*~tactically~*~*~ (stealth).
 13675 | Lair:2   | 13675 ||| Stepping ~*~*~tactically~*~*~ (stealth).
 13709 | Lair:2   | Noticed a five-headed hydra
 13710 | Lair:2   | 13710 ||| Stepping ~*~*~tactically~*~*~ (stealth).
 13711 | Lair:2   | 13711 ||| Stepping ~*~*~tactically~*~*~ (stealth).
 13714 | Lair:2   | 13714 ||| INVOKING Brothers in Arms.
 13716 | Lair:2   | 13716 ||| SWAPPING to +2 flail of protection.
 13717 | Lair:2   | 13717 ||| INVOKING Berserk.
 13722 | Lair:2   | Killed a five-headed hydra
 13723 | Lair:2   | Noticed a five-headed hydra
 13734 | Lair:2   | HP: 26/115 [five-headed hydra (9)]
 13734 | Lair:2   | HP: 12/115 [five-headed hydra (9)]
 13735 | Lair:2   | 13735 ||| READING 4 scrolls of teleportation.
 13736 | Lair:2   | 13736 ||| DRINKING 4 potions of heal wounds.
 13737 | Lair:2   | 13737 ||| SWAPPING to +0 war axe of electrocution.
 13740 | Lair:2   | Reached skill level 12 in Armour
 13741 | Lair:2   | 13741 ||| SWAPPING to +2 flail of protection.
 13746 | Lair:2   | Killed a five-headed hydra
 13747 | Lair:2   | Reached skill level 3 in Throwing
 13747 | Lair:2   | 13747 ||| SWAPPING to +0 war axe of electrocution.
 13780 | Lair:2   | 13780 ||| INVOKING Berserk.
 13830 | Lair:2   | 13830 ||| FLEEEEING.
 13831 | Lair:2   | 13831 ||| FLEEEEING.
 13832 | Lair:2   | 13832 ||| FLEEEEING.
 13833 | Lair:2   | 13833 ||| FLEEEEING.
 13834 | Lair:2   | 13834 ||| FLEEEEING.
 13835 | Lair:2   | 13835 ||| FLEEEEING.
 13836 | Lair:2   | 13836 ||| FLEEEEING.
 13837 | Lair:2   | 13837 ||| FLEEEEING.
 13838 | Lair:2   | 13838 ||| FLEEEEING.
 13839 | Lair:2   | 13839 ||| FLEEEEING.
 13840 | Lair:2   | 13840 ||| FLEEEEING.
 13843 | Lair:2   | 13843 ||| FLEEEEING.
 13844 | Lair:2   | 13844 ||| FLEEEEING.
 13845 | Lair:2   | 13845 ||| FLEEEEING.
 13846 | Lair:2   | 13846 ||| FLEEEEING.
 13849 | Lair:2   | 13849 ||| FLEEEEING.
 13850 | Lair:2   | 13850 ||| FLEEEEING.
 13851 | Lair:2   | 13851 ||| FLEEEEING.
 13855 | Lair:2   | 13855 ||| STAIRDANCE
 14025 | Lair:1   | 14025 ||| READING scroll labelled DYIDALA CITICE.
 14117 | Lair:2   | Found a hole to the Spider Nest.
 14629 | Lair:2   | 14629 ||| DROPPING +2 chain mail of poison resistance.
 14630 | Lair:2   | 14630 ||| READING 7 scrolls of identify.
 14630 | Lair:2   | 14630 ||| IDENTIFYING lumpy yellow potion
 14631 | Lair:2   | 14631 ||| READING 6 scrolls of identify.
 14631 | Lair:2   | 14631 ||| IDENTIFYING green potion
 14632 | Lair:2   | 14632 ||| DROPPING potion of degeneration.
 14712 | Lair:3   | Noticed Snorg
 14713 | Lair:3   | 14713 ||| Stepping ~*~*~tactically~*~*~ (stealth).
 14714 | Lair:3   | 14714 ||| Stepping ~*~*~tactically~*~*~ (stealth).
 14721 | Lair:3   | 14721 ||| INVOKING Berserk.
 14729 | Lair:3   | Killed Snorg
 14825 | Lair:3   | Reached skill level 14 in Fighting
 15055 | Lair:3   | 15055 ||| Stepping ~*~*~tactically~*~*~ (stealth).
 15062 | Lair:3   | Reached skill level 6 in Dodging
 15062 | Lair:3   | 15062 ||| Stepping ~*~*~tactically~*~*~ (stealth).
 15229 | Lair:3   | 15229 ||| READING scroll of enchant armour.
 15229 | Lair:3   | 15229 ||| ENCHANTING +1 cloak.
 15300 | Lair:3   | 15300 ||| Stepping ~*~*~tactically~*~*~ (stealth).
 15301 | Lair:3   | 15301 ||| Stepping ~*~*~tactically~*~*~ (stealth).
 15343 | Lair:3   | Noticed Josephine
 15345 | Lair:3   | 15345 ||| Stepping ~*~*~tactically~*~*~ (hiding).
 15351 | Lair:3   | Killed Josephine
 15362 | Lair:3   | Noticed Gastronok
 15364 | Lair:3   | 15364 ||| INVOKING Berserk.
 15373 | Lair:3   | Killed Gastronok
 15607 | Lair:3   | 15607 ||| Stepping ~*~*~tactically~*~*~ (hiding).
 15619 | Lair:3   | Reached skill level 15 in Fighting
 15619 | Lair:3   | Found a staircase to the Shoals.
 15842 | Lair:3   | 15842 ||| Stepping ~*~*~tactically~*~*~ (stealth).
 15854 | Lair:3   | Reached XP level 13. HP: 98/126 MP: 12/12
 16080 | Lair:3   | 16080 ||| INVOKING Berserk.
 16354 | Lair:3   | 16354 ||| UPGRADING to +0 pair of boots.
 16359 | Lair:3   | 16359 ||| READING 7 scrolls of identify.
 16359 | Lair:3   | 16359 ||| IDENTIFYING coppery potion
 16413 | Lair:4   | Noticed Rupert
 16414 | Lair:4   | 16414 ||| INVOKING Trog's Hand.
 16420 | Lair:4   | 16420 ||| INVOKING Berserk.
 16434 | Lair:4   | Killed Rupert
 16586 | Lair:4   | 16586 ||| Stepping ~*~*~tactically~*~*~ (stealth).
 16620 | Lair:4   | 16620 ||| INVOKING Berserk.
 16627 | Lair:4   | Reached skill level 15 in Armour
 16730 | Lair:4   | Reached skill level 16 in Fighting
 16810 | Lair:4   | You fall into a shaft and drop 1 floor!
 16810 | Lair:5   | Entered Level 5 of the Lair of Beasts
 16810 | Lair:5   | Found a staircase to the Slime Pits.
 16810 | Lair:5   | Found a viscous altar of Jiyva.
 16813 | Lair:5   | 16813 ||| DROPPING ring of ice.
 16896 | Lair:4   | Noticed Nessos
 16910 | Lair:4   | 16910 ||| INVOKING Berserk.
 16918 | Lair:4   | HP: 30/128 [poisoned by Nessos]
 16919 | Lair:4   | 16919 ||| READING 4 scrolls of teleportation.
 16920 | Lair:4   | 16920 ||| DRINKING 4 potions of heal wounds.
 17244 | Lair:4   | 17244 ||| Stepping ~*~*~tactically~*~*~ (hiding).
 17250 | Lair:4   | Killed Nessos
 17358 | Lair:4   | 17358 ||| INVOKING Brothers in Arms.
 17360 | Lair:4   | 17360 ||| SWAPPING to +2 flail of protection.
 17362 | Lair:4   | 17362 ||| INVOKING Berserk.
 17397 | Lair:4   | 17397 ||| SWAPPING to +0 war axe of electrocution.
 17637 | Lair:4   | 17637 ||| INVOKING Berserk.
 17963 | Lair:4   | 17963 ||| UPGRADING to +2 pair of gloves.
 17973 | Lair:4   | 17973 ||| DROPPING +0 pair of gloves of Dodec {rElec}.
 18087 | Lair:5   | 18087 ||| Stepping ~*~*~tactically~*~*~ (stealth).
 18093 | Lair:5   | Reached skill level 17 in Fighting
 18130 | Lair:5   | 18130 ||| Stepping ~*~*~tactically~*~*~ (stealth).
 18145 | Lair:5   | 18145 ||| Stepping ~*~*~tactically~*~*~ (stealth).
 18162 | Lair:5   | 18162 ||| Stepping ~*~*~tactically~*~*~ (stealth).
 18168 | Lair:5   | 18168 ||| INVOKING Berserk.
 18282 | Lair:5   | Identified the +11 broad axe of Cowardice {vorpal, rF++
                  | Str-4}
 18284 | Lair:5   | 18284 ||| SWAPPING to +11 broad axe of Cowardice {vorpal,
                  | rF++ Str-4}.
 18285 | Lair:5   | 18285 ||| DROPPING +0 war axe of electrocution.
 18301 | Lair:5   | 18301 ||| INVOKING Berserk.
 18356 | Lair:5   | 18356 ||| Stepping ~*~*~tactically~*~*~ (stealth).
 18357 | Lair:5   | 18357 ||| Stepping ~*~*~tactically~*~*~ (stealth).
 18368 | Lair:5   | 18368 ||| INVOKING Berserk.
 18466 | Lair:5   | 18466 ||| INVOKING Berserk.
 18477 | Lair:5   | Reached XP level 14. HP: 140/140 MP: 13/13
 18566 | Lair:5   | 18566 ||| INVOKING Berserk.
 18779 | Lair:5   | 18779 ||| Stepping ~*~*~tactically~*~*~ (stealth).
 18814 | Lair:5   | 18814 ||| Stepping ~*~*~tactically~*~*~ (stealth).
 19209 | Lair:5   | 19209 ||| PLANNING D:1-11
 19209 | Lair:5   | 19209 ||| UPGRADING to +0 buckler.
 19214 | Lair:5   | 19214 ||| UPGRADING to +2 buckler.
 19224 | Lair:5   | 19224 ||| DROPPING +0 buckler.
 19225 | Lair:5   | 19225 ||| UPGRADING to ring of protection from cold.
 19393 | D:11     | Reached skill level 1 in Shields
 19469 | D:11     | Found a runed translucent gate.
 19469 | D:11     | Found a runed translucent gate.
 19469 | D:11     | Found a runed translucent gate.
 19580 | D:11     | 19580 ||| Stepping ~*~*~tactically~*~*~ (stealth).
 19617 | D:11     | 19617 ||| Stepping ~*~*~tactically~*~*~ (stealth).
 19863 | D:11     | 19863 ||| Stepping ~*~*~tactically~*~*~ (stealth).
 19949 | D:11     | Reached skill level 3 in Shields
 19970 | D:11     | 19970 ||| FLEEEEING.
 19971 | D:11     | 19971 ||| FLEEEEING.
 19972 | D:11     | 19972 ||| FLEEEEING.
 19973 | D:11     | 19973 ||| FLEEEEING.
 19974 | D:11     | 19974 ||| FLEEEEING.
 19975 | D:11     | 19975 ||| FLEEEEING.
 19976 | D:11     | 19976 ||| FLEEEEING.
 19977 | D:11     | 19977 ||| FLEEEEING.
 19978 | D:11     | 19978 ||| FLEEEEING.
 19979 | D:11     | 19979 ||| FLEEEEING.
 19980 | D:11     | 19980 ||| FLEEEEING.
 19981 | D:11     | 19981 ||| FLEEEEING.
 19982 | D:11     | 19982 ||| FLEEEEING.
 19983 | D:11     | 19983 ||| FLEEEEING.
 19984 | D:11     | 19984 ||| FLEEEEING.
 19985 | D:11     | 19985 ||| FLEEEEING.
 20311 | D:11     | 20311 ||| FLEEEEING.
 20312 | D:11     | 20312 ||| FLEEEEING.
 20447 | D:11     | 20447 ||| Stepping ~*~*~tactically~*~*~ (stealth).
 20449 | D:11     | 20449 ||| Stepping ~*~*~tactically~*~*~ (stealth).
 20565 | D:11     | 20565 ||| PLANNING D
 20565 | D:11     | 20565 ||| READING scroll labelled CEAP ETTUGISYE.
 20565 | D:11     | Identified a scroll of acquirement
 20565 | D:11     | 20565 ||| ACQUIRING +2 hood of the Assassin {Detection
                  | Stab+ Stlth++}
 20565 | D:11     | Acquired the +2 hood of the Assassin {Detection Stab+
                  | Stlth++}
 20565 | D:11     | Found the +2 hood of the Assassin {Detection Stab+ Stlth++}
 20567 | D:11     | 20567 ||| UPGRADING to +2 hood of the Assassin {Detection
                  | Stab+ Stlth++}.
 20587 | D:12     | 20587 ||| INVOKING Berserk.
 20732 | D:12     | 20732 ||| FLEEEEING.
 20733 | D:12     | 20733 ||| FLEEEEING.
 20734 | D:12     | 20734 ||| FLEEEEING.
 20981 | D:12     | 20981 ||| DRINKING 7 potions of curing.
 20981 | D:12     | 20981 ||| (to cure confusion)
 21011 | D:12     | 21011 ||| FLEEEEING.
 21012 | D:12     | 21012 ||| FLEEEEING.
 21013 | D:12     | 21013 ||| FLEEEEING.
 21014 | D:12     | 21014 ||| FLEEEEING.
 21015 | D:12     | 21015 ||| FLEEEEING.
 21016 | D:12     | 21016 ||| FLEEEEING.
 21017 | D:12     | 21017 ||| FLEEEEING.
 21028 | D:12     | 21028 ||| FLEEEEING.
 21029 | D:12     | 21029 ||| FLEEEEING.
 21030 | D:12     | 21030 ||| STAIRDANCE
 21166 | D:12     | 21166 ||| FLEEEEING.
 21172 | D:12     | 21172 ||| FLEEEEING.
 21290 | D:12     | 21290 ||| FLEEEEING.
 21291 | D:12     | 21291 ||| FLEEEEING.
 21339 | D:12     | Identified the +1 chain mail of Baldness {Rampage Str+4
                  | SInv}
 21344 | D:12     | Found a hazy altar of Hepliaklqana.
 21446 | D:12     | Reached skill level 6 in Shields
 21453 | D:12     | 21453 ||| FLEEEEING.
 21456 | D:12     | 21456 ||| FLEEEEING.
 21463 | D:12     | 21463 ||| FLEEEEING.
 21464 | D:12     | 21464 ||| FLEEEEING.
 21465 | D:12     | 21465 ||| FLEEEEING.
 21466 | D:12     | 21466 ||| FLEEEEING.
 21467 | D:12     | 21467 ||| FLEEEEING.
 21468 | D:12     | 21468 ||| FLEEEEING.
 21471 | D:12     | 21471 ||| FLEEEEING.
 21472 | D:12     | 21472 ||| FLEEEEING.
 21473 | D:12     | 21473 ||| FLEEEEING.
 21604 | D:12     | 21604 ||| Stepping ~*~*~tactically~*~*~ (hiding).
 21606 | D:12     | 21606 ||| INVOKING Brothers in Arms.
 21607 | D:12     | 21607 ||| SWAPPING to +2 flail of protection.
 21609 | D:12     | 21609 ||| INVOKING Berserk.
 21619 | D:12     | 21619 ||| SWAPPING to +11 broad axe of Cowardice {vorpal,
                  | rF++ Str-4}.
 21923 | D:12     | 21923 ||| Stepping ~*~*~tactically~*~*~ (hiding).
 21924 | D:12     | 21924 ||| Stepping ~*~*~tactically~*~*~ (hiding).
 21925 | D:12     | 21925 ||| Stepping ~*~*~tactically~*~*~ (hiding).
 22061 | D:12     | 22061 ||| Stepping ~*~*~tactically~*~*~ (hiding).
 22063 | D:12     | 22063 ||| Stepping ~*~*~tactically~*~*~ (hiding).
 22064 | D:12     | 22064 ||| Stepping ~*~*~tactically~*~*~ (hiding).
 22065 | D:12     | 22065 ||| Stepping ~*~*~tactically~*~*~ (hiding).
 22066 | D:12     | 22066 ||| Stepping ~*~*~tactically~*~*~ (hiding).
 22067 | D:12     | 22067 ||| Stepping ~*~*~tactically~*~*~ (hiding).
 22068 | D:12     | 22068 ||| Stepping ~*~*~tactically~*~*~ (hiding).
 22069 | D:12     | 22069 ||| Stepping ~*~*~tactically~*~*~ (hiding).
 22070 | D:12     | 22070 ||| Stepping ~*~*~tactically~*~*~ (hiding).
 22071 | D:12     | 22071 ||| Stepping ~*~*~tactically~*~*~ (hiding).
 22072 | D:12     | 22072 ||| Stepping ~*~*~tactically~*~*~ (hiding).
 22073 | D:12     | 22073 ||| Stepping ~*~*~tactically~*~*~ (hiding).
 22611 | D:12     | 22611 ||| READING scroll labelled FOM SASOHUKU.
 22645 | D:13     | 22645 ||| Stepping ~*~*~tactically~*~*~ (stealth).
 22647 | D:13     | 22647 ||| Stepping ~*~*~tactically~*~*~ (stealth).
 22649 | D:13     | 22649 ||| Stepping ~*~*~tactically~*~*~ (hiding).
 22660 | D:13     | 22660 ||| Stepping ~*~*~tactically~*~*~ (stealth).
 22696 | D:13     | Found a runed translucent door.
 22705 | D:13     | 22705 ||| Stepping ~*~*~tactically~*~*~ (hiding).
 22850 | D:13     | 22850 ||| Stepping ~*~*~tactically~*~*~ (stealth).
 22852 | D:13     | 22852 ||| Stepping ~*~*~tactically~*~*~ (hiding).
 22963 | D:13     | 22963 ||| Stepping ~*~*~tactically~*~*~ (hiding).
 23138 | D:13     | Reached skill level 18 in Axes
 23577 | D:14     | 23577 ||| INVOKING Brothers in Arms.
 23578 | D:14     | 23578 ||| INVOKING Brothers in Arms.
 23579 | D:14     | 23579 ||| INVOKING Berserk.
 23778 | D:14     | 23778 ||| FLEEEEING.
 23779 | D:14     | 23779 ||| FLEEEEING.
 23783 | D:14     | 23783 ||| FLEEEEING.
 23784 | D:14     | 23784 ||| FLEEEEING.
 23785 | D:14     | 23785 ||| FLEEEEING.
 23792 | D:14     | 23792 ||| STAIRDANCE
 23875 | D:13     | Noticed a fire giant
 24037 | D:14     | 24037 ||| INVOKING Trog's Hand.
 24087 | D:14     | Reached skill level 9 in Shields
 24155 | D:14     | Found a gate to the Vaults.
 24450 | D:14     | Found Fomnam Mada's Antique Armour Shoppe.
 24463 | D:14     | 24463 ||| BUYING +2 cloak of the Thief {*Fog Slay-2 SInv
                  | Stlth+} (482 gold).
 24463 | D:14     | Bought the +2 cloak of the Thief {*Fog Slay-2 SInv Stlth+}
                  | for 482 gold pieces
 24463 | D:14     | Found the +2 cloak of the Thief {*Fog Slay-2 SInv Stlth+}
 24463 | D:14     | 24463 ||| BUYING pair of embroidered gloves (180 gold).
 24463 | D:14     | Bought a pair of embroidered gloves for 180 gold pieces
 24570 | D:14     | 24570 ||| READING scroll of enchant armour.
 24570 | D:14     | 24570 ||| ENCHANTING +0 pair of boots.
 24672 | D:14     | 24672 ||| DROPPING +1 pair of gloves.
 24673 | D:14     | 24673 ||| DROPPING amulet of guardian spirit.
 24691 | D:15     | Entered Level 15 of the Dungeon
 24695 | D:15     | 24695 ||| STAIRDANCE
 24769 | D:15     | 24769 ||| STAIRDANCE
 24847 | D:15     | 24847 ||| INVOKING Trog's Hand.
 24848 | D:15     | 24848 ||| INVOKING Berserk.
 25094 | D:15     | 25094 ||| INVOKING Berserk.
 25103 | D:15     | Reached XP level 15. HP: 147/147 MP: 14/14
 25107 | D:15     | 25107 ||| INVOKING Brothers in Arms.
 25305 | D:15     | 25305 ||| INVOKING Trog's Hand.
 25312 | D:15     | 25312 ||| INVOKING Berserk.
 25313 | D:15     | Received a gift from Trog
 25395 | D:15     | 25395 ||| Stepping ~*~*~tactically~*~*~ (stealth).
 25470 | D:15     | 25470 ||| Stepping ~*~*~tactically~*~*~ (stealth).
 25474 | D:15     | 25474 ||| Stepping ~*~*~tactically~*~*~ (stealth).
 25477 | D:15     | 25477 ||| Stepping ~*~*~tactically~*~*~ (stealth).
 25478 | D:15     | 25478 ||| Stepping ~*~*~tactically~*~*~ (stealth).
 25493 | D:15     | 25493 ||| FLEEEEING.
 25494 | D:15     | 25494 ||| FLEEEEING.
 25495 | D:15     | 25495 ||| FLEEEEING.
 25496 | D:15     | 25496 ||| FLEEEEING.
 25497 | D:15     | 25497 ||| FLEEEEING.
 25498 | D:15     | 25498 ||| FLEEEEING.
 25499 | D:15     | 25499 ||| FLEEEEING.
 25500 | D:15     | 25500 ||| FLEEEEING.
 25501 | D:15     | 25501 ||| FLEEEEING.
 25502 | D:15     | 25502 ||| FLEEEEING.
 25503 | D:15     | 25503 ||| Stepping ~*~*~tactically~*~*~ (stealth).
 25506 | D:15     | 25506 ||| Stepping ~*~*~tactically~*~*~ (stealth).
 25527 | D:15     | Reached skill level 18 in Fighting
 25710 | D:15     | Found a staircase to the Depths.
 25710 | D:15     | Noticed a fire giant
 25721 | D:15     | Killed a fire giant
 25943 | D:15     | 25943 ||| PLANNING ORC
 26076 | Orc:1    | Entered Level 1 of the Orcish Mines
 26077 | Orc:1    | 26077 ||| INVOKING Trog's Hand.
 26078 | Orc:1    | 26078 ||| INVOKING Berserk.
 26083 | Orc:1    | Found Zuckus's Armour Emporium.
 26087 | Orc:1    | Noticed an orc warlord
 26088 | Orc:1    | 26088 ||| INVOKING Brothers in Arms.
 26103 | Orc:1    | Killed an orc warlord
 26113 | Orc:1    | 26113 ||| INVOKING Brothers in Arms.
 26599 | Orc:1    | 26599 ||| Stepping ~*~*~tactically~*~*~ (hiding).
 26638 | Orc:1    | 26638 ||| Stepping ~*~*~tactically~*~*~ (hiding).
 26644 | Orc:1    | 26644 ||| Stepping ~*~*~tactically~*~*~ (hiding).
 26645 | Orc:1    | 26645 ||| INVOKING Berserk.
 26700 | Orc:1    | 26700 ||| Stepping ~*~*~tactically~*~*~ (stealth).
 26710 | Orc:1    | 26710 ||| INVOKING Trog's Hand.
 26711 | Orc:1    | 26711 ||| INVOKING Berserk.
 26829 | Orc:1    | 26829 ||| DROPPING +2 flail of protection.
 26894 | Orc:1    | You fall into a shaft and drop 1 floor!
 26894 | Orc:2    | Entered Level 2 of the Orcish Mines
 26900 | Orc:2    | 26900 ||| PLANNING BAZAAR
 26951 | Orc:2    | Found a bloodstained altar of Trog.
 27004 | Orc:2    | Found a flickering gateway to a bazaar.
 27005 | Orc:2    | 27005 ||| UPGRADING to +4 plate armour of poison
                  | resistance.
 27015 | Orc:2    | 27015 ||| DROPPING +3 plate armour.
 27016 | Orc:2    | 27016 ||| DROPPING +1 chain mail of Baldness {Rampage Str+4
                  | SInv}.
 27025 | Bazaar   | Entered a bazaar
 27025 | Bazaar   | Found Fusor Xoxku's Antique Armour Shoppe.
 27025 | Bazaar   | Found Ivomiwup's Book Shoppe.
 27026 | Bazaar   | Found Miegoagg's Distillery.
 27026 | Bazaar   | Found Jus Zid's Assorted Antiques.
 27033 | Bazaar   | 27033 ||| BUYING runed plate armour (468 gold).
 27033 | Bazaar   | Bought a runed plate armour for 468 gold pieces
 27039 | Bazaar   | 27039 ||| BUYING potion of haste (160 gold).
 27039 | Bazaar   | Bought a potion of haste for 160 gold pieces
 27039 | Bazaar   | 27039 ||| BUYING potion of heal wounds (80 gold).
 27039 | Bazaar   | Bought a potion of heal wounds for 80 gold pieces
 27043 | Bazaar   | 27043 ||| BUYING 2 potions of might (280 gold).
 27043 | Bazaar   | Bought 2 potions of might for 280 gold pieces
 27043 | Bazaar   | 27043 ||| BUYING potion of resistance (350 gold).
 27043 | Bazaar   | Bought a potion of resistance for 350 gold pieces
 27043 | Bazaar   | 27043 ||| BUYING scroll labelled TUHOLIR XUOMEU (35 gold).
 27043 | Bazaar   | Bought a scroll labelled TUHOLIR XUOMEU for 35 gold pieces
 27043 | Bazaar   | 27043 ||| DROPPING +3 plate armour of poison resistance.
 27044 | Bazaar   | 27044 ||| READING scroll labelled TUHOLIR XUOMEU.
 27149 | Orc:2    | 27149 ||| PLANNING ORC
 27190 | Orc:2    | Found a staircase to the Elven Halls.
 27192 | Orc:2    | 27192 ||| Stepping ~*~*~tactically~*~*~ (stealth).
 27194 | Orc:2    | 27194 ||| Stepping ~*~*~tactically~*~*~ (stealth).
 27200 | Orc:2    | 27200 ||| INVOKING Trog's Hand.
 27201 | Orc:2    | 27201 ||| Stepping ~*~*~tactically~*~*~ (stealth).
 27202 | Orc:2    | 27202 ||| INVOKING Berserk.
 27240 | Orc:2    | Found Ugros's Magic Scroll Shop.
 27313 | Orc:2    | Found Jaeng's Armour Emporium.
 27316 | Orc:2    | 27316 ||| BUYING scroll of teleportation (39 gold).
 27316 | Orc:2    | Bought a scroll of teleportation for 39 gold pieces
 27316 | Orc:2    | 27316 ||| BUYING scroll of teleportation (39 gold).
 27316 | Orc:2    | Bought a scroll of teleportation for 39 gold pieces
 27316 | Orc:2    | 27316 ||| BUYING scroll of teleportation (39 gold).
 27316 | Orc:2    | Bought a scroll of teleportation for 39 gold pieces
 27318 | Orc:2    | Found Jaastew's General Store.
 27319 | Orc:2    | Found Toxeu's Antique Weapon Shop.
 27321 | Orc:2    | 27321 ||| SHOPLISTING +0 kite shield of the Shining Light
                  | {Str+4} (278 gold, have 89).
 27344 | Orc:2    | 27344 ||| INVOKING Berserk.
 27356 | Orc:2    | Reached skill level 18 in Armour
 27806 | Orc:1    | 27806 ||| Stepping ~*~*~tactically~*~*~ (stealth).
 27808 | Orc:1    | 27808 ||| Stepping ~*~*~tactically~*~*~ (stealth).
 27809 | Orc:1    | 27809 ||| Stepping ~*~*~tactically~*~*~ (stealth).
 27810 | Orc:1    | 27810 ||| Stepping ~*~*~tactically~*~*~ (stealth).
 27811 | Orc:1    | 27811 ||| Stepping ~*~*~tactically~*~*~ (stealth).
 27888 | Orc:1    | 27888 ||| PLANNING SHOALS:1-3
 28097 | Shoals:1 | Entered Level 1 of the Shoals
 28124 | Shoals:1 | 28124 ||| INVOKING Berserk.
 28273 | Shoals:1 | 28273 ||| Stepping ~*~*~tactically~*~*~ (hiding).
 28274 | Shoals:1 | 28274 ||| Stepping ~*~*~tactically~*~*~ (hiding).
 28398 | Shoals:1 | Found Oblit's Self-Improvement Boutique.
 28442 | Shoals:1 | 28442 ||| INVOKING Berserk.
 28475 | Shoals:1 | 28475 ||| INVOKING Brothers in Arms.
 28479 | Shoals:1 | 28479 ||| INVOKING Berserk.
 28813 | Shoals:1 | 28813 ||| Stepping ~*~*~tactically~*~*~ (hiding).
 28816 | Shoals:1 | 28816 ||| INVOKING Berserk.
 29056 | Shoals:1 | 29056 ||| Stepping ~*~*~tactically~*~*~ (water).
 29179 | Shoals:1 | 29179 ||| Stepping ~*~*~tactically~*~*~ (hiding).
 29180 | Shoals:1 | 29180 ||| Stepping ~*~*~tactically~*~*~ (hiding).
 29256 | Shoals:1 | Reached skill level 19 in Fighting
 29339 | Shoals:2 | Received a gift from Trog
 29340 | Shoals:2 | Reached XP level 16. HP: 160/160 MP: 15/15
 29341 | Shoals:2 | 29341 ||| DROPPING +0 morningstar.
 29648 | Shoals:2 | Reached skill level 9 in Dodging
 29821 | Shoals:2 | 29821 ||| INVOKING Berserk.
 29836 | Shoals:2 | 29836 ||| FLEEEEING.
 29837 | Shoals:2 | 29837 ||| FLEEEEING.
 29838 | Shoals:2 | 29838 ||| FLEEEEING.
 29924 | Shoals:2 | 29924 ||| Stepping ~*~*~tactically~*~*~ (stealth).
 29925 | Shoals:2 | 29925 ||| Stepping ~*~*~tactically~*~*~ (stealth).
 29926 | Shoals:2 | 29926 ||| Stepping ~*~*~tactically~*~*~ (stealth).
 29931 | Shoals:2 | 29931 ||| Stepping ~*~*~tactically~*~*~ (stealth).
 29935 | Shoals:2 | 29935 ||| FLEEEEING.
 29945 | Shoals:2 | Reached skill level 12 in Shields
 30111 | Shoals:2 | 30111 ||| FLEEEEING.
 30112 | Shoals:2 | 30112 ||| FLEEEEING.
 30113 | Shoals:2 | 30113 ||| FLEEEEING.
 30114 | Shoals:2 | 30114 ||| FLEEEEING.
 30115 | Shoals:2 | 30115 ||| FLEEEEING.
 30125 | Shoals:2 | Found a runed translucent door.
 30130 | Shoals:2 | Found a corrupted altar of Lugonu.
 30134 | Shoals:2 | 30134 ||| Stepping randomly (cloudy).
 30579 | Shoals:2 | Noticed a kraken
 30589 | Shoals:2 | Killed a kraken
 30756 | Shoals:2 | Found a one-way gate to the infinite horrors of the Abyss.
 30757 | Shoals:2 | 30757 ||| DROPPING amulet of regeneration.
 30758 | Shoals:2 | 30758 ||| UPGRADING to amulet of reflection.
 30768 | Shoals:2 | 30768 ||| DROPPING amulet of the acrobat.
 30769 | Shoals:2 | 30769 ||| DRINKING 2 amethyst potions.
 30874 | Shoals:2 | 30874 ||| DROPPING potion of berserk rage.
 30913 | Shoals:3 | 30913 ||| Stepping ~*~*~tactically~*~*~ (water).
 30914 | Shoals:3 | 30914 ||| INVOKING Berserk.
 31034 | Shoals:3 | 31034 ||| READING scroll of enchant armour.
 31034 | Shoals:3 | 31034 ||| ENCHANTING +1 pair of boots.
 31038 | Shoals:3 | 31038 ||| INVOKING Berserk.
 31186 | Shoals:3 | 31186 ||| READING scroll of acquirement.
 31186 | Shoals:3 | 31186 ||| ACQUIRING +0 vampiric broad axe
 31186 | Shoals:3 | Acquired a +0 vampiric broad axe
 31188 | Shoals:3 | 31188 ||| SWAPPING to +0 vampiric broad axe.
 31189 | Shoals:3 | 31189 ||| READING scroll of enchant weapon.
 31189 | Shoals:3 | 31189 ||| ENCHANTING +0 vampiric broad axe.
 31202 | Shoals:3 | 31202 ||| Stepping ~*~*~tactically~*~*~ (hiding).
 31204 | Shoals:3 | 31204 ||| Stepping ~*~*~tactically~*~*~ (hiding).
 31205 | Shoals:3 | 31205 ||| INVOKING Trog's Hand.
 31206 | Shoals:3 | 31206 ||| INVOKING Brothers in Arms.
 31408 | Shoals:3 | 31408 ||| Stepping ~*~*~tactically~*~*~ (hiding).
 31410 | Shoals:3 | 31410 ||| Stepping ~*~*~tactically~*~*~ (hiding).
 31532 | Shoals:3 | 31532 ||| INVOKING Berserk.
 31740 | Shoals:3 | 31740 ||| INVOKING Berserk.
 31878 | Shoals:3 | Noticed qw's ghost (adept GrBe)
 31929 | Shoals:3 | Found a transporter.
 31932 | Shoals:3 | Found a transporter.
 31933 | Shoals:3 | Found a bloodstained altar of Trog.
 32048 | Shoals:3 | 32048 ||| INVOKING Berserk.
 32065 | Shoals:3 | 32065 ||| FLEEEEING.
 32066 | Shoals:3 | 32066 ||| FLEEEEING.
 32208 | Shoals:3 | Noticed a kraken
 32218 | Shoals:3 | Killed a kraken
 32220 | Shoals:3 | 32220 ||| INVOKING Trog's Hand.
 32221 | Shoals:3 | 32221 ||| INVOKING Brothers in Arms.
 32233 | Shoals:3 | Reached skill level 6 in Throwing
 32306 | Shoals:3 | 32306 ||| PLANNING SPIDER:1-3
 32306 | Shoals:3 | 32306 ||| DROPPING +1 pair of boots.
 32426 | Spider:1 | Entered Level 1 of the Spider Nest
 32440 | Spider:1 | 32440 ||| INVOKING Berserk.
 32548 | Spider:1 | 32548 ||| Stepping ~*~*~tactically~*~*~ (stealth).
 32552 | Spider:1 | 32552 ||| Stepping ~*~*~tactically~*~*~ (stealth).
 32565 | Spider:1 | Noticed Frances
 32566 | Spider:1 | 32566 ||| INVOKING Brothers in Arms.
 32578 | Spider:1 | 32578 ||| INVOKING Berserk.
 32598 | Spider:1 | Killed Frances
 32610 | Spider:1 | 32610 ||| DRINKING 3 potions of cancellation.
 32611 | Spider:1 | 32611 ||| INVOKING Brothers in Arms.
 32615 | Spider:1 | Reached skill level 20 in Fighting
 32635 | Spider:1 | 32635 ||| INVOKING Brothers in Arms.
 32640 | Spider:1 | HP: 13/162 [boulder beetle (44)]
 32641 | Spider:1 | 32641 ||| READING 16 scrolls of teleportation.
 32642 | Spider:1 | 32642 ||| DRINKING 8 potions of heal wounds.
 32643 | Spider:1 | 32643 ||| DRINKING 7 potions of heal wounds.
 32647 | Spider:1 | 32647 ||| Stepping ~*~*~tactically~*~*~ (hiding).
 32701 | Spider:1 | 32701 ||| Stepping ~*~*~tactically~*~*~ (stealth).
 32702 | Spider:1 | 32702 ||| Stepping ~*~*~tactically~*~*~ (stealth).
 32703 | Spider:1 | 32703 ||| Stepping ~*~*~tactically~*~*~ (stealth).
 32704 | Spider:1 | 32704 ||| Stepping ~*~*~tactically~*~*~ (stealth).
 32705 | Spider:1 | 32705 ||| Stepping ~*~*~tactically~*~*~ (stealth).
 32716 | Spider:1 | 32716 ||| INVOKING Berserk.
 32847 | Spider:1 | 32847 ||| Stepping ~*~*~tactically~*~*~ (stealth).
 32858 | Spider:1 | 32858 ||| Stepping ~*~*~tactically~*~*~ (hiding).
 32955 | Spider:1 | 32955 ||| Stepping ~*~*~tactically~*~*~ (stealth).
 32956 | Spider:1 | 32956 ||| Stepping ~*~*~tactically~*~*~ (stealth).
 33034 | Spider:1 | 33034 ||| Stepping ~*~*~tactically~*~*~ (stealth).
 33051 | Spider:1 | 33051 ||| INVOKING Berserk.
 33175 | Spider:1 | 33175 ||| Stepping ~*~*~tactically~*~*~ (stealth).
 33544 | Spider:1 | 33544 ||| DRINKING 2 bubbling inky potions.
 33549 | Spider:1 | Reached XP level 17. HP: 170/170 MP: 16/16
 33556 | Spider:1 | 33556 ||| DROPPING potion of magic.
 33574 | Spider:2 | 33574 ||| Stepping ~*~*~tactically~*~*~ (stealth).
 33601 | Spider:2 | 33601 ||| Stepping ~*~*~tactically~*~*~ (stealth).
 33607 | Spider:2 | 33607 ||| Stepping ~*~*~tactically~*~*~ (stealth).
 33634 | Spider:2 | 33634 ||| Stepping ~*~*~tactically~*~*~ (stealth).
 33642 | Spider:2 | 33642 ||| Stepping ~*~*~tactically~*~*~ (stealth).
 33643 | Spider:2 | 33643 ||| Stepping ~*~*~tactically~*~*~ (stealth).
 33657 | Spider:2 | 33657 ||| Stepping ~*~*~tactically~*~*~ (stealth).
 33659 | Spider:2 | 33659 ||| Stepping ~*~*~tactically~*~*~ (stealth).
 33669 | Spider:2 | 33669 ||| INVOKING Brothers in Arms.
 33670 | Spider:2 | 33670 ||| INVOKING Brothers in Arms.
 33671 | Spider:2 | 33671 ||| INVOKING Brothers in Arms.
 33674 | Spider:2 | 33674 ||| INVOKING Berserk.
 33804 | Spider:2 | 33804 ||| Stepping ~*~*~tactically~*~*~ (stealth).
 33808 | Spider:2 | 33808 ||| Stepping ~*~*~tactically~*~*~ (stealth).
 33809 | Spider:2 | 33809 ||| Stepping ~*~*~tactically~*~*~ (hiding).
 33818 | Spider:2 | 33818 ||| INVOKING Brothers in Arms.
 33820 | Spider:2 | 33820 ||| Stepping ~*~*~tactically~*~*~ (water).
 33821 | Spider:2 | 33821 ||| INVOKING Berserk.
 33999 | Spider:2 | 33999 ||| INVOKING Brothers in Arms.
 34035 | Spider:2 | 34035 ||| DRINKING 3 potions of resistance.
 34389 | Spider:2 | 34389 ||| Stepping ~*~*~tactically~*~*~ (stealth).
 34390 | Spider:2 | 34390 ||| Stepping ~*~*~tactically~*~*~ (stealth).
 34432 | Spider:2 | 34432 ||| Stepping ~*~*~tactically~*~*~ (stealth).
 34488 | Spider:2 | 34488 ||| Stepping ~*~*~tactically~*~*~ (stealth).
 34496 | Spider:2 | 34496 ||| Stepping ~*~*~tactically~*~*~ (water).
 34502 | Spider:2 | Reached skill level 9 in Throwing
 34837 | Spider:3 | 34837 ||| Stepping ~*~*~tactically~*~*~ (stealth).
 34861 | Spider:3 | 34861 ||| Stepping ~*~*~tactically~*~*~ (stealth).
 34900 | Spider:3 | 34900 ||| Stepping ~*~*~tactically~*~*~ (stealth).
 34911 | Spider:3 | 34911 ||| Stepping ~*~*~tactically~*~*~ (hiding).
 34944 | Spider:3 | 34944 ||| Stepping ~*~*~tactically~*~*~ (stealth).
 35074 | Spider:3 | 35074 ||| Stepping ~*~*~tactically~*~*~ (hiding).
 35077 | Spider:3 | 35077 ||| Stepping ~*~*~tactically~*~*~ (hiding).
 35101 | Spider:3 | 35101 ||| DRINKING 11 potions of curing.
 35101 | Spider:3 | 35101 ||| (to cure confusion)
 35142 | Spider:3 | 35142 ||| Stepping ~*~*~tactically~*~*~ (stealth).
 35292 | Spider:3 | 35292 ||| Stepping ~*~*~tactically~*~*~ (stealth).
 35330 | Spider:3 | 35330 ||| DRINKING 11 potions of curing.
 35330 | Spider:3 | 35330 ||| (to cure confusion)
 35401 | Spider:3 | Received a gift from Trog
 35405 | Spider:3 | 35405 ||| INVOKING Berserk.
 35594 | Spider:3 | 35594 ||| INVOKING Brothers in Arms.
 35595 | Spider:3 | 35595 ||| INVOKING Brothers in Arms.
 35718 | Spider:3 | 35718 ||| Stepping ~*~*~tactically~*~*~ (hiding).
 35719 | Spider:3 | 35719 ||| Stepping ~*~*~tactically~*~*~ (hiding).
 35723 | Spider:3 | 35723 ||| INVOKING Brothers in Arms.
 35867 | Spider:3 | Noticed Arachne
 35868 | Spider:3 | 35868 ||| Stepping ~*~*~tactically~*~*~ (hiding).
 35872 | Spider:3 | 35872 ||| INVOKING Brothers in Arms.
 35895 | Spider:3 | 35895 ||| INVOKING Berserk.
 35905 | Spider:3 | HP: 42/172 [Arachne/staff of poison (6)]
 35906 | Spider:3 | 35906 ||| READING 16 scrolls of teleportation.
 35907 | Spider:3 | 35907 ||| DRINKING 6 potions of heal wounds.
 36291 | Spider:3 | 36291 ||| Stepping ~*~*~tactically~*~*~ (stealth).
 36295 | Spider:3 | Reached skill level 21 in Fighting
 36702 | Spider:3 | Killed Arachne
 37033 | Spider:3 | 37033 ||| PLANNING SHOALS:4
 37222 | Shoals:4 | Entered Level 4 of the Shoals
 37230 | Shoals:4 | 37230 ||| INVOKING Berserk.
 37360 | Shoals:4 | Identified the +1 buckler of the Hanged Man {rPois rF++ rN+
                  | Str-3}
 37442 | Shoals:4 | 37442 ||| INVOKING Trog's Hand.
 37446 | Shoals:4 | 37446 ||| Stepping ~*~*~tactically~*~*~ (water).
 37464 | Shoals:4 | 37464 ||| INVOKING Trog's Hand.
 37481 | Shoals:4 | 37481 ||| INVOKING Berserk.
 37708 | Shoals:4 | Got a barnacled rune of Zot
 37744 | Shoals:4 | 37744 ||| INVOKING Trog's Hand.
 37847 | Shoals:4 | 37847 ||| INVOKING Berserk.
 37878 | Shoals:4 | 37878 ||| FLEEEEING.
 37879 | Shoals:4 | 37879 ||| FLEEEEING.
 37888 | Shoals:4 | 37888 ||| FLEEEEING.
 37889 | Shoals:4 | 37889 ||| FLEEEEING.
 37890 | Shoals:4 | 37890 ||| FLEEEEING.
 37891 | Shoals:4 | 37891 ||| STAIRDANCE
 37993 | Shoals:3 | 37993 ||| UPGRADING to +1 buckler of the Hanged Man {rPois
                  | rF++ rN+ Str-3}.
 38026 | Shoals:4 | Identified the +6 flail of Egynef {vorpal, rF++}
 38390 | Shoals:4 | 38390 ||| PLANNING VAULTS:1-4
 38390 | Shoals:4 | 38390 ||| UPGRADING to ring of willpower.
 38695 | Vaults:1 | Entered Level 1 of the Vaults
 38715 | Vaults:1 | 38715 ||| INVOKING Trog's Hand.
 38730 | Vaults:1 | Noticed Aizul
 38731 | Vaults:1 | 38731 ||| Stepping ~*~*~tactically~*~*~ (hiding).
 38736 | Vaults:1 | 38736 ||| INVOKING Berserk.
 38754 | Vaults:1 | Killed Aizul
 38808 | Vaults:1 | Found Puzxeod's Book Emporium.
 38912 | Vaults:1 | 38912 ||| INVOKING Trog's Hand.
 38939 | Vaults:1 | 38939 ||| DRINKING 2 potions of resistance.
 38948 | Vaults:1 | 38948 ||| Stepping ~*~*~tactically~*~*~ (hiding).
 38949 | Vaults:1 | 38949 ||| Stepping ~*~*~tactically~*~*~ (hiding).
 39031 | Vaults:1 | 39031 ||| Stepping ~*~*~tactically~*~*~ (stealth).
 39056 | Vaults:1 | 39056 ||| Stepping ~*~*~tactically~*~*~ (stealth).
 39059 | Vaults:1 | 39059 ||| Stepping ~*~*~tactically~*~*~ (stealth).
 39080 | Vaults:1 | 39080 ||| INVOKING Berserk.
 39082 | Vaults:1 | Reached XP level 18. HP: 182/182 MP: 17/17
 39224 | Vaults:1 | 39224 ||| DROPPING +1 war axe of flaming.
 39294 | Vaults:1 | Reached skill level 12 in Throwing
 39339 | Vaults:1 | 39339 ||| INVOKING Trog's Hand.
 39409 | Vaults:1 | Found Sycloka's Weapon Shoppe.
 39416 | Vaults:1 | 39416 ||| INVOKING Trog's Hand.
 39466 | Vaults:1 | 39466 ||| INVOKING Trog's Hand.
 39606 | Vaults:1 | 39606 ||| INVOKING Berserk.
 39825 | Vaults:1 | 39825 ||| Stepping ~*~*~tactically~*~*~ (stealth).
 39826 | Vaults:1 | 39826 ||| Stepping ~*~*~tactically~*~*~ (stealth).
 39827 | Vaults:1 | 39827 ||| Stepping ~*~*~tactically~*~*~ (stealth).
 39840 | Vaults:1 | 39840 ||| Stepping ~*~*~tactically~*~*~ (hiding).
 39842 | Vaults:1 | 39842 ||| Stepping ~*~*~tactically~*~*~ (hiding).
 39845 | Vaults:1 | 39845 ||| INVOKING Berserk.
 39853 | Vaults:1 | Reached skill level 22 in Fighting
 39867 | Vaults:1 | 39867 ||| INVOKING Brothers in Arms.
 39869 | Vaults:1 | 39869 ||| INVOKING Trog's Hand.
 39870 | Vaults:1 | Noticed a Tzitzimitl
 39914 | Vaults:1 | 39914 ||| INVOKING Brothers in Arms.
 39922 | Vaults:1 | 39922 ||| INVOKING Brothers in Arms.
 39923 | Vaults:1 | 39923 ||| INVOKING Brothers in Arms.
 39927 | Vaults:1 | 39927 ||| INVOKING Berserk.
 39986 | Vaults:1 | 39986 ||| INVOKING Brothers in Arms.
 39987 | Vaults:1 | 39987 ||| INVOKING Berserk.
 40018 | Vaults:1 | 40018 ||| Stepping ~*~*~tactically~*~*~ (stealth).
 40078 | Vaults:1 | 40078 ||| INVOKING Trog's Hand.
 40098 | Vaults:1 | 40098 ||| Stepping ~*~*~tactically~*~*~ (hiding).
 40101 | Vaults:1 | 40101 ||| INVOKING Berserk.
 40117 | Vaults:1 | 40117 ||| INVOKING Brothers in Arms.
 40118 | Vaults:1 | 40118 ||| INVOKING Brothers in Arms.
 40120 | Vaults:1 | 40120 ||| INVOKING Brothers in Arms.
 40544 | Vaults:1 | Found Urchujae's Weapon Boutique.
 40608 | Vaults:1 | 40608 ||| INVOKING Trog's Hand.
 40657 | Vaults:1 | 40657 ||| Stepping ~*~*~tactically~*~*~ (stealth).
 40679 | Vaults:1 | 40679 ||| Stepping ~*~*~tactically~*~*~ (stealth).
 40681 | Vaults:1 | 40681 ||| Stepping ~*~*~tactically~*~*~ (hiding).
 40684 | Vaults:1 | 40684 ||| INVOKING Trog's Hand.
 40692 | Vaults:1 | Reached skill level 21 in Armour
 40710 | Vaults:1 | 40710 ||| Stepping ~*~*~tactically~*~*~ (stealth).
 40711 | Vaults:1 | 40711 ||| Stepping ~*~*~tactically~*~*~ (stealth).
 40724 | Vaults:1 | 40724 ||| Stepping ~*~*~tactically~*~*~ (stealth).
 40780 | Vaults:1 | Found Gairphua's Distillery.
 40788 | Vaults:1 | 40788 ||| BUYING potion of cancellation (160 gold).
 40788 | Vaults:1 | Bought a potion of cancellation for 160 gold pieces
 40788 | Vaults:1 | 40788 ||| BUYING potion of haste (200 gold).
 40788 | Vaults:1 | Bought a potion of haste for 200 gold pieces
 40788 | Vaults:1 | 40788 ||| BUYING potion of mutation (160 gold).
 40788 | Vaults:1 | Bought a potion of mutation for 160 gold pieces
 40873 | Vaults:2 | Identified the +7 plate armour "Canur" {Fly Int+3}
 40931 | Vaults:2 | 40931 ||| Stepping ~*~*~tactically~*~*~ (hiding).
 40933 | Vaults:2 | 40933 ||| Stepping ~*~*~tactically~*~*~ (stealth).
 40945 | Vaults:2 | 40945 ||| INVOKING Trog's Hand.
 41149 | Vaults:2 | 41149 ||| Stepping ~*~*~tactically~*~*~ (hiding).
 41278 | Vaults:2 | 41278 ||| FLEEEEING.
 41329 | Vaults:2 | 41329 ||| Stepping ~*~*~tactically~*~*~ (stealth).
 41330 | Vaults:2 | 41330 ||| Stepping ~*~*~tactically~*~*~ (stealth).
 41466 | Vaults:2 | 41466 ||| Stepping ~*~*~tactically~*~*~ (hiding).
 41469 | Vaults:2 | 41469 ||| DRINKING potion of resistance.
 41474 | Vaults:2 | 41474 ||| Stepping ~*~*~tactically~*~*~ (hiding).
 41495 | Vaults:2 | Reached skill level 23 in Fighting
 41497 | Vaults:2 | 41497 ||| Stepping ~*~*~tactically~*~*~ (hiding).
 41552 | Vaults:2 | 41552 ||| INVOKING Brothers in Arms.
 41555 | Vaults:2 | 41555 ||| INVOKING Berserk.
 41557 | Vaults:2 | Reached XP level 19. HP: 195/195 MP: 18/18
 41888 | Vaults:2 | Found a staircase to the Crypt.
 41888 | Vaults:2 | Found a basalt altar of Yredelemnul.
 41889 | Vaults:2 | Found an ancient bone altar of Kikubaaqudgha.
 41934 | Vaults:2 | 41934 ||| Stepping ~*~*~tactically~*~*~ (hiding).
 41936 | Vaults:2 | 41936 ||| INVOKING Brothers in Arms.
 41938 | Vaults:2 | 41938 ||| INVOKING Berserk.
 42153 | Vaults:2 | 42153 ||| Stepping ~*~*~tactically~*~*~ (hiding).
 42164 | Vaults:2 | 42164 ||| Stepping ~*~*~tactically~*~*~ (hiding).
 42547 | Vaults:2 | 42547 ||| INVOKING Brothers in Arms.
 42552 | Vaults:2 | 42552 ||| INVOKING Berserk.
 42668 | Vaults:2 | 42668 ||| UPGRADING to +7 plate armour "Canur" {Fly Int+3}.
 42678 | Vaults:2 | 42678 ||| DROPPING ring of protection from cold.
 42679 | Vaults:2 | 42679 ||| UPGRADING to +4 ring of evasion.
 42681 | Vaults:2 | 42681 ||| DROPPING ring of willpower.
 42697 | Vaults:3 | 42697 ||| INVOKING Trog's Hand.
 42706 | Vaults:3 | 42706 ||| Stepping ~*~*~tactically~*~*~ (hiding).
 42710 | Vaults:3 | 42710 ||| FLEEEEING.
 42711 | Vaults:3 | 42711 ||| INVOKING Trog's Hand.
 42712 | Vaults:3 | 42712 ||| INVOKING Berserk.
 42720 | Vaults:3 | 42720 ||| STAIRDANCE
 42879 | Vaults:3 | 42879 ||| Stepping ~*~*~tactically~*~*~ (hiding).
 42881 | Vaults:3 | 42881 ||| INVOKING Berserk.
 43044 | Vaults:3 | 43044 ||| INVOKING Trog's Hand.
 43054 | Vaults:3 | Noticed Frederick
 43055 | Vaults:3 | 43055 ||| Stepping ~*~*~tactically~*~*~ (hiding).
 43057 | Vaults:3 | 43057 ||| INVOKING Trog's Hand.
 43062 | Vaults:3 | 43062 ||| INVOKING Berserk.
 43071 | Vaults:3 | Killed Frederick
 43267 | Vaults:3 | 43267 ||| Stepping ~*~*~tactically~*~*~ (hiding).
 43273 | Vaults:3 | 43273 ||| INVOKING Berserk.
 43482 | Vaults:3 | 43482 ||| INVOKING Berserk.
 43623 | Vaults:3 | 43623 ||| Stepping ~*~*~tactically~*~*~ (hiding).
 43626 | Vaults:3 | 43626 ||| Stepping ~*~*~tactically~*~*~ (hiding).
 43627 | Vaults:3 | 43627 ||| Stepping ~*~*~tactically~*~*~ (hiding).
 43628 | Vaults:3 | 43628 ||| Stepping ~*~*~tactically~*~*~ (hiding).
 43630 | Vaults:3 | 43630 ||| Stepping ~*~*~tactically~*~*~ (hiding).
 43631 | Vaults:3 | 43631 ||| Stepping ~*~*~tactically~*~*~ (hiding).
 43633 | Vaults:3 | 43633 ||| Stepping ~*~*~tactically~*~*~ (hiding).
 43634 | Vaults:3 | 43634 ||| Stepping ~*~*~tactically~*~*~ (hiding).
 43691 | Vaults:3 | Found a transporter.
 43692 | Vaults:3 | Found a shimmering blue altar of Sif Muna.
 43941 | Vaults:3 | 43941 ||| Stepping ~*~*~tactically~*~*~ (hiding).
 43944 | Vaults:3 | 43944 ||| Stepping ~*~*~tactically~*~*~ (hiding).
 43948 | Vaults:3 | 43948 ||| Stepping ~*~*~tactically~*~*~ (hiding).
 43949 | Vaults:3 | 43949 ||| Stepping ~*~*~tactically~*~*~ (hiding).
 43951 | Vaults:3 | 43951 ||| Stepping ~*~*~tactically~*~*~ (hiding).
 43955 | Vaults:3 | 43955 ||| INVOKING Berserk.
 44110 | Vaults:3 | 44110 ||| INVOKING Berserk.
 44247 | Vaults:3 | 44247 ||| INVOKING Trog's Hand.
 44247 | Vaults:3 | Noticed Zenata
 44248 | Vaults:3 | 44248 ||| INVOKING Berserk.
 44276 | Vaults:3 | HP: 34/195 [Zenata/a resonance strike (24)]
 44277 | Vaults:3 | 44277 ||| READING 17 scrolls of teleportation.
 44277 | Vaults:3 | HP: 15/195 [+1 mace of pain[Zenata] (10)]
 44277 | Vaults:3 | Slain by a +1 dire flail of protection

Levels and vault maps discovered:
D:1:      dpeg_arrival_lava_temple_mockup, layout_loops_ring,
          hellmonk_ecumenical_altar_slurped_away, minmay_misc_feat_encased,
          roderic_st_hans_cross, chequers_serial_rivers_room_b
D:2:      layout_rooms, hangedman_glass_teeth
D:3:      layout_basic, lemuel_round_altar, old_standard_altar,
          ebering_ghost_reflecting_pool, portal_sewer_entry_c
D:4:      layout_rooms, minmay_misc_feat_secret_circle, serial_park_tiny_2,
          minmay_strange_pillars, minmay_manual_mares
D:5:      layout_basic, fedhas_altar_fruit_tree,
          mainiacjoe_overflow_tiny_flanked, ebering_ghost_sewer_f,
          kennysheep_small_circle
D:6:      layout_loops_corners, minmay_temple_entry_trees, uniq_sigmund,
          uniq_prince_ribbit1
D:7:      layout_gridville, chequers_temple_overflow_statue_of_worship,
          lemuel_doored_altar, gammafunk_ghost_berserking_beasts,
          lightli_minifort
D:8:      layout_cave_pools, mainiacjoe_overflow_alcove_1,
          nicolae_uskayaw_dance_studio, elyvilon_altar_5
D:9:      kennysheep_blocky_hall, layout_basic, kennysheep_generic_room_13
D:10:     layout_basic, lair_entry_dummy, chequers_serial_rivers_micro_b,
          grunt_ogre_cave
D:11:     layout_basic, ploomutoo_gammafunk_ghost_potion_laboratory, eino_jars
D:12:     layout_basic, hangedman_decor_riveting,
          nicolae_hepliaklqana_hazy_memory
D:13:     layout_rooms, serial_curves, eino_curves_02, eino_curves_03,
          lightli_airlock
D:14:     layout_small_grid, erik_vaults_1, serial_shops, nicolae_shop_stone,
          hangedman_abyss_or_decor_passed
D:15:     grunt_enter_depths_giant_problem, layout_irregular_city,
          serial_park_square1 [serial_park_minivault_5x5_3]
Lair:1:   layout_roguey, beast_lair_carwin_5, serial_bayou_shore_b,
          grunt_megastairs_5, serial_bayou_shore_b, serial_bayou_shore_b
Lair:2:   beast_lair_carwin_large_4, layout_loops_ring, spider_nest_entry_a,
          serial_bayou_shore_b
Lair:3:   layout_roguey, elwin_shoals_entry_stream,
          nicolae_quartered_pool_little, evilmike_ambush
          [evilmike_ambush_outer_basic, evilmike_ambush_inner_basic],
          uniq_gastronok, uniq_josephine, uniq_snorg
Lair:4:   layout_cave_pods, grunt_megastairs_3, uniq_rupert, uniq_nessos
Lair:5:   minmay_lair_end_enchanted_forest, layout_small_grid, slime_entry_1
Shoals:1: layout_shoals, nicolae_shop_self_help
Shoals:2: layout_shoals, nicolae_shoals_abyss_on_the_beach
Shoals:3: layout_shoals, gammafunk_ghost_wrathful_warriors
Shoals:4: shoals_end_grunt_garden, layout_shoals, nicolae_shoals_isolated_beach
Spider:1: nicolae_spider_mines_1, nicolae_spider_jagged_tunnels, uniq_frances
Spider:2: layout_spider_delve, hellmonk_deceptive_appearances
Spider:3: layout_chambers, nicolae_spider_circle_web, drop_trap, uniq_arachne
Orc:1:    layout_caves, portal_ice_cave_entry_pillars_1, serial_shops,
          nicolae_square_shop, mines4_lemuel
Orc:2:    st_orc_open, layout_caves, serial_shops, bzr_entry_water, basic_altar
Vaults:1: ontoclasm_vaults_pinch, nicolae_vaults_network_star, v_misc_24,
          st_cells, v_alt_pattern_6, hangedman_vaults_river_flow,
          nicolae_vaults_big_ls, vaults_room_semicircle, vaults_room_pool,
          v_alt_pattern_3, v_misc_16, dpeg_vaults_monster_box, vaults_room_pool,
          ontoclasm_vaults_misaligned, layout_vaults_omnicross, serial_shops,
          shop, shop, shop, uniq_aizul
Vaults:2: ontoclasm_vaults_ring_small, hangedman_vaults_maws,
          nicolae_vaults_stairing_the_circle, minmay_crypt_entry_necro_gods,
          nicolae_vaults_statue_guard, v_misc_4, vaults_room_hallway,
          nicolae_vaults_little_squares_3, ontoclasm_vaults_chip,
          layout_vaults_quadrants
Vaults:3: gammafunk_ghost_tricky_traps, v_misc_8, v_misc_29,
          vaults_room_corners, nicolae_vaults_ninety_degrees,
          nicolae_vaults_network_barrier, v_misc_3,
          nicolae_vaults_ring_of_whatevers, v_pattern_1,
          gammafunk_sealed_library, layout_vaults_omnibox,
          nicolae_trove_entry_free_sample, uniq_frederick, uniq_zenata

Skill      XL: |  1  2  3  4  5  6  7  8  9 10 11 12 13 14 15 16 17 18 19 |
---------------+----------------------------------------------------------+-----
Axes           | 4 5 6 7 9 10 12 14 16 18 | 18.0
Throwing       | 1 2 3 4 6 11 12 | 12.0
Fighting       | 4 5 6 7 8 10 13 15 17 19 20 21 23 | 23.0
Armour         | 3 5 7 8 10 13 15 16 18 19 20 21 22 | 22.0
Dodging        | 3 4 6 7 8 10 | 10.7
Shields        | 10 11 12 13 | 13.8

Action                   |  1- 3 |  4- 6 |  7- 9 | 10-12 | 13-15 | 16-18 | 19-21 || total
-------------------------+-------+-------+-------+-------+-------+-------+-------++-------
Melee: Hand axe          |    69 |   150 |   200 |    58 |       |       |       ||   477
       Headbutt          |    12 |    17 |    28 |    92 |   186 |   458 |    44 ||   837
       Punch             |     1 |     2 |     4 |     5 |     4 |       |       ||    16
       War axe           |       |       |       |   326 |   157 |       |       ||   483
       Flail             |       |       |       |    23 |     8 |       |       ||    31
       Broad axe         |       |       |       |       |   661 |  1631 |   150 ||  2442
Throw: Javelin           |    10 |    10 |     7 |       |       |    69 |       ||    96
       Boomerang         |     8 |    37 |    66 |    85 |   179 |   116 |    27 ||   518
Invok: Berserk           |     2 |     2 |     8 |    18 |    26 |    25 |    10 ||    91
       Brothers in Arms  |       |       |       |     3 |     7 |    18 |     2 ||    30
       Trog's Hand       |       |       |       |       |     7 |    15 |     5 ||    27
  Use: Scroll            |     5 |     8 |    10 |     9 |     6 |     5 |     1 ||    44
       Potion            |     1 |     1 |     1 |     2 |     2 |    11 |       ||    18
 Stab: Distracted        |       |       |     2 |       |       |     2 |       ||     4
       Petrifying        |       |       |       |       |       |     1 |       ||     1
       Held in net/web   |       |       |       |       |       |     2 |       ||     2
Armor: Animal skin       |     4 |       |       |       |       |       |       ||     4
       Ring mail         |     3 |       |       |       |       |       |       ||     3
       Chain mail        |     9 |    69 |    33 |       |       |       |       ||   111
       Plate armour      |       |       |    41 |   205 |   370 |   928 |    48 ||  1592
Dodge: Dodged            |    31 |    58 |    50 |   137 |   356 |   585 |    50 ||  1267
Block: Buckler           |       |       |       |       |   163 |   979 |    71 ||  1213
       Reflection        |       |       |       |       |       |    53 |     6 ||    59

Table legend:
 A = Non-vault XP
 B = Vault XP
 C = Vault XP percentage of total XP
 D = Non-vault monster count
 E = Vault monster count
 F = Vault count percentage of total count
                 A         B        C        D         E       F
            +---------+---------+-------+---------+---------+-------
      Total |  249707 |  157521 |  38.7 |     816 |     384 |  32.0
            +---------+---------+-------+---------+---------+-------
        D:1 |      29 |       2 |   6.5 |      17 |       1 |   5.6
        D:2 |      21 |       0 |   0.0 |       8 |       0 |   0.0
        D:3 |     196 |       8 |   3.9 |      21 |       5 |  19.2
        D:4 |     243 |     228 |  48.4 |      18 |       2 |  10.0
        D:5 |     463 |      16 |   3.3 |      10 |       2 |  16.7
        D:6 |     561 |     485 |  46.4 |      17 |       2 |  10.5
        D:7 |     697 |     222 |  24.2 |      22 |       4 |  15.4
        D:8 |    1653 |     109 |   6.2 |      22 |       3 |  12.0
        D:9 |    1663 |     340 |  17.0 |      23 |       4 |  14.8
       D:10 |    3313 |     113 |   3.3 |      25 |       1 |   3.8
       D:11 |    3117 |     306 |   8.9 |      24 |       5 |  17.2
       D:12 |    6209 |       0 |   0.0 |      30 |       0 |   0.0
       D:13 |    6099 |       0 |   0.0 |      24 |       0 |   0.0
       D:14 |   12672 |    1654 |  11.5 |      34 |       2 |   5.6
       D:15 |   16200 |    3231 |  16.6 |      25 |       5 |  16.7
     Lair:1 |    9985 |    2352 |  19.1 |      32 |       6 |  15.8
     Lair:2 |    1673 |    2496 |  59.9 |       6 |      15 |  71.4
     Lair:3 |    8933 |    6119 |  40.7 |      35 |      13 |  27.1
     Lair:4 |   11925 |    3235 |  21.3 |      18 |       4 |  18.2
     Lair:5 |    1646 |    9218 |  84.8 |       5 |      45 |  90.0
   Shoals:1 |   10998 |       0 |   0.0 |      23 |       0 |   0.0
   Shoals:2 |   19880 |     902 |   4.3 |      40 |       2 |   4.8
   Shoals:3 |   16512 |       0 |   0.0 |      32 |       0 |   0.0
   Shoals:4 |    2501 |   19402 |  88.6 |       6 |      33 |  84.6
   Spider:1 |   15793 |   10144 |  39.1 |      33 |      20 |  37.7
   Spider:2 |   16498 |    1151 |   6.5 |      47 |       2 |   4.1
   Spider:3 |   20481 |    2228 |   9.8 |      56 |       1 |   1.8
      Orc:1 |    5636 |     736 |  11.6 |      53 |      12 |  18.5
      Orc:2 |    2724 |   14865 |  84.5 |      29 |      37 |  56.1
   Vaults:1 |   26577 |   38456 |  59.1 |      48 |      49 |  50.5
   Vaults:2 |   13686 |   23407 |  63.1 |      19 |      36 |  65.5
   Vaults:3 |   11123 |   15689 |  58.5 |      14 |      20 |  58.8
      Sewer |       0 |     407 | 100.0 |       0 |      53 | 100.0
            +---------+---------+-------+---------+---------+-------
